General information
			
			
        
        - name: BNet
 
        - type: Ladder team game (AT/RT)
 
        - host: Battle.net
 
        - saver: vraxx
 
        
map: Friends 
        - players: 8
 
        - length: 127:25
 
        - speed: Fast
 - version: 1.22 W3XP
 - replay type:  Public
 
» download(1181 KB)
Players
        team 1 (winner) 
              
              
Bladest0rm (
green | 50 APM | 6318 actions | 127:22)
              
 10 Dreadlord 
 3 Vampiric Aura
 3 Sleep
 1 Inferno
 3 Carrion Swarm
 5 Goblin Tinker 
 3 Cluster Rockets
 2 Engineering Upgrade
 5 Lich 
 3 Frost Nova
 2 Frost Armor
 
                » actions 
                
                | Assign group hotkey | 36 |  | 
| Basic commands | 373 |  | 
| Build / train | 211 |  | 
| ESC pressed | 73 |  | 
| Enter build submenu | 135 |  | 
| Enter hero's abilities submenu | 20 |  | 
| Right click | 3325 |  | 
| Select / deselect | 1639 |  | 
| Select group hotkey | 213 |  | 
| Use ability | 293 |  | 
                6318 total
 » units 
                
                | Acolyte | 27 |  | 
| Ghoul | 6 |  | 
| Obsidian Statue | 2 |  | 
| Abomination | 5 |  | 
| Goblin Zeppelin | 1 |  | 
| Meatwagon | 31 |  | 
| Gargoyle | 16 |  | 
| Crypt Fiend | 6 |  | 
                94 total
 » upgrades
                
                | Unholy Armor | 3 |  | 
| Disease Cloud | 1 |  | 
| Unholy Strength | 3 |  | 
| Web | 1 |  | 
| Creature Attack | 3 |  | 
| Creature Carapace | 3 |  | 
                14 total
 » buildings
                
                | Ziggurat | 109 |  | 
| Altar of Darkness | 3 |  | 
| Crypt | 1 |  | 
| Graveyard | 1 |  | 
| Tomb of Relics | 2 |  | 
| Nerubian Tower | 17 |  | 
| Spirit Tower | 52 |  | 
| Halls of the Dead | 2 |  | 
| Black Citadel | 2 |  | 
| Slaughterhouse | 5 |  | 
| Necropolis | 3 |  | 
| Sacrificial Pit | 1 |  | 
                198 total
 » build order
                00:22 Ziggurat
00:29 Altar of Darkness
00:38 Crypt
01:05 Graveyard
01:36 Ziggurat
01:42 Tomb of Relics
01:56 Nerubian Tower
03:09 Spirit Tower
03:54 Halls of the Dead
03:59 Ziggurat
05:18 Ziggurat
06:43 Black Citadel
06:47 Slaughterhouse
06:49 Slaughterhouse
06:53 Slaughterhouse
06:59 Ziggurat
07:00 Ziggurat
09:11 Ziggurat
09:12 Ziggurat
09:14 Ziggurat
17:29 Necropolis
21:26 Sacrificial Pit
23:47 Ziggurat
23:49 Ziggurat
23:51 Ziggurat
23:53 Ziggurat
23:55 Ziggurat
23:58 Ziggurat
33:09 Spirit Tower
36:03 Spirit Tower
36:05 Spirit Tower
36:07 Spirit Tower
38:17 Ziggurat
38:18 Ziggurat
38:19 Ziggurat
38:20 Ziggurat
38:22 Ziggurat
41:56 Necropolis
42:34 Ziggurat
42:35 Ziggurat
42:38 Ziggurat
42:42 Ziggurat
42:49 Necropolis
48:12 Halls of the Dead
51:44 Altar of Darkness
61:59 Black Citadel
79:34 Altar of Darkness
87:56 Slaughterhouse
88:00 Slaughterhouse
88:05 Tomb of Relics
89:47 Ziggurat
89:49 Ziggurat
89:50 Ziggurat
90:01 Ziggurat
90:03 Ziggurat
90:06 Ziggurat
90:10 Ziggurat
90:25 Ziggurat
90:43 Ziggurat
90:44 Ziggurat
90:46 Ziggurat
91:00 Spirit Tower
91:28 Ziggurat
91:40 Ziggurat
91:41 Spirit Tower
92:17 Ziggurat
92:22 Ziggurat
92:25 Ziggurat
92:30 Spirit Tower
93:02 Nerubian Tower
93:23 Nerubian Tower
93:25 Spirit Tower
93:27 Nerubian Tower
93:47 Ziggurat
93:52 Ziggurat
94:19 Ziggurat
94:25 Ziggurat
94:57 Spirit Tower
94:59 Spirit Tower
95:13 Ziggurat
95:15 Nerubian Tower
95:39 Ziggurat
95:41 Ziggurat
95:47 Ziggurat
96:28 Ziggurat
96:32 Ziggurat
96:55 Spirit Tower
96:58 Ziggurat
97:03 Ziggurat
97:33 Ziggurat
97:35 Ziggurat
97:44 Ziggurat
97:51 Nerubian Tower
98:04 Ziggurat
98:32 Spirit Tower
98:49 Ziggurat
99:07 Ziggurat
99:11 Ziggurat
99:23 Ziggurat
99:47 Spirit Tower
100:03 Ziggurat
100:06 Ziggurat
100:10 Ziggurat
100:19 Ziggurat
100:24 Spirit Tower
100:25 Spirit Tower
100:27 Ziggurat
100:46 Ziggurat
100:50 Ziggurat
100:53 Ziggurat
100:57 Ziggurat
101:09 Nerubian Tower
101:13 Spirit Tower
101:14 Nerubian Tower
101:15 Spirit Tower
101:21 Ziggurat
101:36 Nerubian Tower
101:38 Ziggurat
101:42 Ziggurat
101:50 Ziggurat
101:56 Ziggurat
102:23 Spirit Tower
102:25 Spirit Tower
102:27 Spirit Tower
102:28 Spirit Tower
102:59 Spirit Tower
103:01 Ziggurat
103:07 Ziggurat
103:13 Ziggurat
104:03 Spirit Tower
104:18 Spirit Tower
104:58 Spirit Tower
106:11 Ziggurat
106:15 Ziggurat
106:18 Ziggurat
106:24 Ziggurat
107:11 Spirit Tower
107:12 Nerubian Tower
107:17 Spirit Tower
107:21 Spirit Tower
108:52 Ziggurat
109:27 Spirit Tower
109:29 Spirit Tower
109:30 Nerubian Tower
109:31 Spirit Tower
109:32 Nerubian Tower
109:33 Spirit Tower
109:34 Spirit Tower
109:50 Ziggurat
109:56 Ziggurat
110:01 Ziggurat
110:03 Ziggurat
110:03 Ziggurat
110:28 Ziggurat
110:29 Ziggurat
110:36 Ziggurat
110:39 Ziggurat
111:25 Spirit Tower
111:27 Nerubian Tower
111:28 Spirit Tower
111:29 Spirit Tower
111:51 Spirit Tower
111:54 Nerubian Tower
111:55 Spirit Tower
111:57 Nerubian Tower
112:01 Ziggurat
113:03 Ziggurat
113:08 Ziggurat
113:14 Ziggurat
113:26 Spirit Tower
117:11 Spirit Tower
117:12 Spirit Tower
120:54 Ziggurat
120:55 Ziggurat
120:59 Ziggurat
121:02 Ziggurat
121:06 Ziggurat
121:08 Ziggurat
121:14 Ziggurat
121:21 Ziggurat
121:50 Spirit Tower
121:51 Spirit Tower
121:55 Spirit Tower
122:10 Spirit Tower
122:11 Spirit Tower
122:12 Nerubian Tower
122:15 Spirit Tower
122:16 Spirit Tower
123:04 Ziggurat
123:06 Ziggurat
123:13 Ziggurat
123:19 Ziggurat
123:33 Ziggurat
123:45 Ziggurat
123:57 Spirit Tower
124:00 Spirit Tower
124:07 Nerubian Tower
124:46 Spirit Tower
» items
                
                | Rod of Necromancy | 1 |  | 
| Scroll of Town Portal | 2 |  | 
| Orb of Corruption | 1 |  | 
| Scroll of Healing | 1 |  | 
| Potion of Healing | 1 |  | 
| Sacrificial Skull | 1 |  | 
                7 total
  
               
              
              
» 
ffa-acc (
purple | 22 APM | 2797 actions | 127:21)
              
 10 Death Knight 
 3 Death Coil
 3 Unholy Aura
 1 Animate Dead
 3 Death Pact
 5 Lich 
 3 Frost Nova
 2 Dark Ritual
 
                » actions 
                
                | Assign group hotkey | 4 |  | 
| Basic commands | 608 |  | 
| Build / train | 161 |  | 
| Enter build submenu | 39 |  | 
| Enter hero's abilities submenu | 17 |  | 
| Right click | 826 |  | 
| Select / deselect | 978 |  | 
| Select group hotkey | 17 |  | 
| Use ability | 147 |  | 
                2797 total
 » units 
                
                | Acolyte | 17 |  | 
| Ghoul | 6 |  | 
| Crypt Fiend | 8 |  | 
| Goblin Zeppelin | 1 |  | 
| Frost Wyrm | 12 |  | 
| Meatwagon | 26 |  | 
| Gargoyle | 51 |  | 
| Abomination | 2 |  | 
                123 total
 » upgrades
                
                | Web | 1 |  | 
| Creature Attack | 3 |  | 
| Freezing Breath | 1 |  | 
| Creature Carapace | 3 |  | 
| Unholy Strength | 3 |  | 
                11 total
 » buildings
                
                | Crypt | 3 |  | 
| Ziggurat | 23 |  | 
| Altar of Darkness | 1 |  | 
| Graveyard | 2 |  | 
| Spirit Tower | 7 |  | 
| Halls of the Dead | 1 |  | 
| Black Citadel | 1 |  | 
| Sacrificial Pit | 1 |  | 
| Boneyard | 2 |  | 
| Slaughterhouse | 3 |  | 
                44 total
 » build order
                00:15 Crypt
00:17 Ziggurat
00:35 Altar of Darkness
00:58 Graveyard
01:33 Ziggurat
02:53 Spirit Tower
04:10 Halls of the Dead
06:50 Ziggurat
07:27 Black Citadel
07:46 Ziggurat
08:33 Ziggurat
10:00 Sacrificial Pit
10:57 Boneyard
11:03 Boneyard
15:06 Ziggurat
15:09 Ziggurat
17:31 Ziggurat
17:34 Ziggurat
27:01 Ziggurat
27:03 Ziggurat
27:08 Crypt
27:14 Graveyard
29:46 Spirit Tower
33:11 Ziggurat
33:13 Ziggurat
33:18 Ziggurat
33:28 Ziggurat
33:32 Ziggurat
34:21 Spirit Tower
34:22 Spirit Tower
35:56 Ziggurat
36:02 Ziggurat
36:07 Ziggurat
36:36 Slaughterhouse
37:05 Spirit Tower
41:09 Slaughterhouse
41:19 Slaughterhouse
89:29 Crypt
100:52 Spirit Tower
117:12 Ziggurat
117:17 Ziggurat
117:20 Ziggurat
117:23 Ziggurat
118:23 Spirit Tower
» items
                 
               
              
              
SKiPToTHiS (
orange | 81 APM | 10355 actions | 127:23)
              
 10 Warden 
 3 Shadow Strike
 3 Blink
 1 Spirit of Vengeance
 3 Fan of Knives
 10 Keeper of the Grove 
 3 Entangling Roots
 3 Thorns Aura
 1 Tranquility
 3 Force of Nature
 10 Priestess of the Moon 
 3 Trueshot Aura
 3 Scout
 1 Starfall
 3 Searing Arrows
 1 Death Knight 
 1 Death Pact
 
                » actions 
                
                | Assign group hotkey | 107 |  | 
| Basic commands | 747 |  | 
| Build / train | 246 |  | 
| ESC pressed | 12 |  | 
| Enter build submenu | 27 |  | 
| Enter hero's abilities submenu | 32 |  | 
| Give item / drop item | 11 |  | 
| Right click | 3561 |  | 
| Select / deselect | 2759 |  | 
| Select group hotkey | 1875 |  | 
| Use ability | 978 |  | 
                10355 total
 » units 
                
                | Wisp | 24 |  | 
| Huntress | 16 |  | 
| Dryad | 14 |  | 
| Forest Troll Shadow Priest | 1 |  | 
| Druid of the Talon | 8 |  | 
| Archer | 19 |  | 
| Glaive Thrower | 39 |  | 
                121 total
 » upgrades
                
                | Strength of the Moon | 3 |  | 
| Sentinel | 1 |  | 
| Abolish Magic | 1 |  | 
| Upgrade Moon Glaive | 1 |  | 
| Druid of the Talon Training | 2 |  | 
| Moon Armor | 3 |  | 
| Well Spring | 1 |  | 
| Marksmanship | 1 |  | 
| Improved Bows | 1 |  | 
| Vorpal Blades | 1 |  | 
| Strength of the Wild | 3 |  | 
| Reinforced Hides | 2 |  | 
| Ultravision | 1 |  | 
                21 total
 » buildings
                
                | Moon Well | 9 |  | 
| Altar of Elders | 1 |  | 
| Hunter's Hall | 2 |  | 
| Ancient of War | 4 |  | 
| Tree of Ages | 6 |  | 
| Ancient of Lore | 2 |  | 
| Ancient of Wonders | 2 |  | 
| Tree of Eternity | 10 |  | 
| Ancient of Wind | 2 |  | 
| Tree of Life | 4 |  | 
                42 total
 » build order
                00:18 Moon Well
00:33 Altar of Elders
01:31 Hunter's Hall
01:48 Ancient of War
02:04 Moon Well
02:20 Ancient of War
03:32 Tree of Ages
03:33 Tree of Ages
04:56 Moon Well
04:58 Moon Well
05:47 Moon Well
06:41 Ancient of Lore
06:44 Ancient of Lore
07:57 Ancient of Wonders
07:58 Ancient of Wonders
08:51 Tree of Eternity
08:51 Tree of Eternity
08:52 Tree of Eternity
10:23 Ancient of Wind
11:55 Moon Well
12:28 Moon Well
17:10 Moon Well
17:13 Moon Well
18:10 Ancient of Wind
25:26 Tree of Life
28:13 Ancient of War
33:26 Tree of Life
41:14 Tree of Ages
41:14 Tree of Ages
50:21 Tree of Eternity
50:21 Tree of Eternity
55:24 Tree of Life
64:14 Hunter's Hall
66:04 Tree of Ages
70:06 Tree of Eternity
70:06 Tree of Eternity
70:07 Tree of Eternity
101:47 Tree of Life
101:49 Ancient of War
» items
                 
               
              
              
vraxx (
yellow | 104 APM | 13301 actions | 127:25)
              
 10 Demon Hunter 
 3 Mana Burn
 3 Evasion
 1 Metamorphosis
 3 Immolation
 10 Priestess of the Moon 
 3 Trueshot Aura
 3 Scout
 1 Starfall
 3 Searing Arrows
 
                » actions 
                
                | Assign group hotkey | 69 |  | 
| Basic commands | 633 |  | 
| Build / train | 251 |  | 
| ESC pressed | 11 |  | 
| Enter build submenu | 78 |  | 
| Enter hero's abilities submenu | 22 |  | 
| Give item / drop item | 4 |  | 
| Remove unit from queue | 24 |  | 
| Right click | 5313 |  | 
| Select / deselect | 2599 |  | 
| Select group hotkey | 3796 |  | 
| Use ability | 494 |  | 
                13301 total
 » units 
                
                | Wisp | 78 |  | 
| Archer | 5 |  | 
| Glaive Thrower | 4 |  | 
| Chimaera | 20 |  | 
| Goblin Zeppelin | 3 |  | 
| Hippogryph | 5 |  | 
| Druid of the Talon | 13 |  | 
| Goblin Sapper | 8 |  | 
                136 total
 » upgrades
                
                | Vorpal Blades | 1 |  | 
| Improved Bows | 1 |  | 
| Corrosive Breath | 1 |  | 
| Well Spring | 1 |  | 
| Nature's Blessing | 1 |  | 
| Strength of the Wild | 3 |  | 
| Reinforced Hides | 3 |  | 
| Hippogryph Taming | 1 |  | 
| Marksmanship | 1 |  | 
| Sentinel | 1 |  | 
| Druid of the Talon Training | 2 |  | 
| Ultravision | 1 |  | 
| Strength of the Moon | 3 |  | 
| Moon Armor | 3 |  | 
| Mark of the Talon | 1 |  | 
| Upgrade Moon Glaive | 1 |  | 
| Backpack | 1 |  | 
                26 total
 » buildings
                
                | Altar of Elders | 1 |  | 
| Moon Well | 47 |  | 
| Ancient of War | 2 |  | 
| Tree of Ages | 1 |  | 
| Hunter's Hall | 1 |  | 
| Tree of Eternity | 2 |  | 
| Ancient of Wind | 3 |  | 
| Tree of Life | 8 |  | 
| Chimaera Roost | 2 |  | 
| Ancient Protector | 24 |  | 
| Ancient of Wonders | 3 |  | 
                94 total
 » build order
                00:09 Altar of Elders
00:12 Moon Well
00:28 Ancient of War
01:53 Moon Well
02:51 Tree of Ages
03:56 Hunter's Hall
04:00 Ancient of War
04:03 Moon Well
08:31 Tree of Eternity
08:33 Ancient of Wind
09:05 Moon Well
10:11 Tree of Life
11:07 Chimaera Roost
12:05 Chimaera Roost
15:16 Ancient Protector
15:59 Moon Well
17:13 Tree of Life
17:19 Ancient Protector
17:28 Ancient Protector
18:21 Tree of Life
18:31 Ancient Protector
19:20 Ancient of Wind
19:21 Ancient of Wind
20:02 Ancient Protector
20:03 Ancient Protector
20:10 Ancient Protector
21:40 Ancient Protector
21:43 Ancient Protector
21:55 Ancient Protector
22:42 Ancient Protector
22:52 Ancient Protector
25:22 Moon Well
25:23 Moon Well
25:56 Moon Well
25:57 Moon Well
26:51 Ancient Protector
26:52 Ancient Protector
26:54 Ancient Protector
27:00 Moon Well
27:15 Moon Well
27:17 Moon Well
28:13 Moon Well
28:14 Moon Well
28:23 Ancient Protector
28:41 Moon Well
28:44 Moon Well
30:00 Ancient of Wonders
30:09 Moon Well
30:11 Moon Well
30:12 Moon Well
30:13 Moon Well
30:14 Moon Well
30:15 Moon Well
30:16 Moon Well
30:17 Moon Well
30:18 Moon Well
30:19 Moon Well
31:47 Moon Well
31:48 Moon Well
31:49 Moon Well
31:50 Moon Well
31:51 Moon Well
31:53 Moon Well
31:59 Moon Well
32:00 Moon Well
32:02 Moon Well
32:03 Moon Well
32:04 Moon Well
32:13 Ancient of Wonders
32:15 Ancient of Wonders
32:21 Tree of Life
35:39 Tree of Life
41:06 Moon Well
41:07 Moon Well
41:08 Moon Well
41:09 Moon Well
41:09 Moon Well
41:10 Moon Well
41:11 Moon Well
41:11 Moon Well
41:11 Moon Well
41:12 Moon Well
51:42 Ancient Protector
51:42 Ancient Protector
51:43 Ancient Protector
51:45 Ancient Protector
51:46 Ancient Protector
51:48 Ancient Protector
51:49 Ancient Protector
66:52 Ancient Protector
70:06 Tree of Life
86:24 Tree of Life
86:27 Tree of Life
» items
                
                | Orb of Venom | 2 |  | 
| Staff of Preservation | 2 |  | 
| Scroll of Town Portal | 12 |  | 
| Scroll of Resurrection | 1 |  | 
| The Lion Horn of Stormwind | 1 |  | 
| Runed Bracers | 1 |  | 
| Inferno Stone | 1 |  | 
                20 total
  
               team 2 (loser) 
              
              
FriendlyJeezy (
pink | 129 APM | 16487 actions | 127:19)
              
 9 Warden 
 3 Shadow Strike
 3 Blink
 1 Spirit of Vengeance
 2 Fan of Knives
 9 Pit Lord 
 3 Rain of Fire
 3 Cleaving Attack
 1 Doom
 2 Howl of Terror
 7 Dark Ranger 
 3 Silence
 3 Life Drain
 1 Charm
 
                » actions 
                
                | Assign group hotkey | 50 |  | 
| Basic commands | 115 |  | 
| Build / train | 190 |  | 
| ESC pressed | 10 |  | 
| Enter build submenu | 27 |  | 
| Enter hero's abilities submenu | 27 |  | 
| Give item / drop item | 6 |  | 
| Right click | 8587 |  | 
| Select / deselect | 2201 |  | 
| Select group hotkey | 4843 |  | 
| Use ability | 428 |  | 
                16487 total
 » units 
                
                | Wisp | 69 |  | 
| Goblin Zeppelin | 1 |  | 
| Chimaera | 19 |  | 
                89 total
 » upgrades
                
                | Nature's Blessing | 1 |  | 
| Ultravision | 1 |  | 
| Well Spring | 1 |  | 
| Strength of the Wild | 3 |  | 
| Reinforced Hides | 3 |  | 
| Corrosive Breath | 1 |  | 
                10 total
 » buildings
                
                | Altar of Elders | 1 |  | 
| Moon Well | 24 |  | 
| Ancient of Wonders | 2 |  | 
| Tree of Ages | 1 |  | 
| Hunter's Hall | 1 |  | 
| Tree of Life | 2 |  | 
| Tree of Eternity | 1 |  | 
| Ancient of Wind | 1 |  | 
| Chimaera Roost | 6 |  | 
                39 total
 » build order
                00:07 Altar of Elders
00:19 Moon Well
00:49 Moon Well
04:18 Moon Well
05:00 Ancient of Wonders
05:14 Moon Well
05:45 Ancient of Wonders
08:22 Tree of Ages
14:44 Hunter's Hall
16:47 Tree of Life
19:38 Tree of Eternity
19:43 Moon Well
19:44 Moon Well
21:34 Moon Well
21:38 Moon Well
25:05 Ancient of Wind
26:16 Chimaera Roost
26:19 Chimaera Roost
26:23 Chimaera Roost
62:10 Moon Well
62:12 Moon Well
62:15 Moon Well
62:16 Moon Well
62:16 Moon Well
62:21 Moon Well
62:22 Moon Well
62:23 Moon Well
65:41 Moon Well
65:43 Moon Well
65:54 Moon Well
65:55 Moon Well
65:55 Moon Well
69:42 Moon Well
69:43 Moon Well
69:43 Moon Well
87:06 Chimaera Roost
87:07 Chimaera Roost
87:07 Chimaera Roost
99:48 Tree of Life
» items
                
                | Healing Salve | 3 |  | 
| Lesser Clarity Potion | 2 |  | 
| Scroll of Town Portal | 24 |  | 
| Orb of Venom | 2 |  | 
| Staff of Preservation | 2 |  | 
| Scroll of Speed | 20 |  | 
| Boots of Quel'Thalas +6 | 3 |  | 
| Runed Bracers | 2 |  | 
| Scourge Bone Chimes | 1 |  | 
| Belt of Giant Strength +6 | 1 |  | 
                60 total
  
               
              
              
FriendlyTyler (
blue | 108 APM | 2289 actions | 21:14)
              
 3 Blademaster 
 2 Wind Walk
 1 Critical Strike
 3 Tauren Chieftain 
 2 Shockwave
 1 Endurance Aura
 
                » actions 
                
                | Assign group hotkey | 4 |  | 
| Basic commands | 1 |  | 
| Build / train | 67 |  | 
| Enter build submenu | 57 |  | 
| Enter hero's abilities submenu | 7 |  | 
| Give item / drop item | 5 |  | 
| Right click | 1425 |  | 
| Select / deselect | 281 |  | 
| Select group hotkey | 323 |  | 
| Use ability | 118 |  | 
                2289 total
 » units 
                » upgrades
                
                | Reinforced Defenses | 1 |  | 
| Liquid Fire | 1 |  | 
                2 total
 » buildings
                
                | Altar of Storms | 1 |  | 
| Orc Burrow | 4 |  | 
| War Mill | 1 |  | 
| Voodoo Lounge | 2 |  | 
| Watch Tower | 35 |  | 
| Stronghold | 3 |  | 
| Fortress | 2 |  | 
| Beastiary | 2 |  | 
| Great Hall | 2 |  | 
                52 total
 » build order
                00:16 Altar of Storms
00:21 Orc Burrow
00:45 War Mill
01:26 Voodoo Lounge
01:31 Voodoo Lounge
02:04 Watch Tower
02:35 Watch Tower
02:50 Watch Tower
03:11 Watch Tower
03:26 Watch Tower
03:54 Watch Tower
04:15 Watch Tower
04:22 Watch Tower
04:54 Stronghold
04:55 Stronghold
05:50 Watch Tower
05:53 Watch Tower
06:14 Orc Burrow
06:48 Watch Tower
06:55 Watch Tower
07:12 Orc Burrow
07:21 Fortress
07:21 Fortress
07:59 Watch Tower
08:13 Watch Tower
08:26 Beastiary
09:01 Watch Tower
09:06 Watch Tower
10:24 Watch Tower
10:26 Great Hall
10:30 Watch Tower
11:03 Watch Tower
12:01 Watch Tower
12:04 Watch Tower
12:26 Beastiary
12:28 Watch Tower
12:52 Watch Tower
12:55 Watch Tower
13:15 Watch Tower
14:21 Watch Tower
14:47 Watch Tower
16:07 Great Hall
16:35 Watch Tower
16:43 Orc Burrow
16:56 Watch Tower
17:10 Watch Tower
17:45 Watch Tower
18:53 Watch Tower
20:05 Watch Tower
20:07 Watch Tower
20:09 Watch Tower
» items
                
                | Healing Salve | 5 |  | 
| Lesser Clarity Potion | 7 |  | 
| Orb of Lightning | 2 |  | 
| Sobi Mask | 1 |  | 
| Inferno Stone | 1 |  | 
| Potion of Divinity | 1 |  | 
| Potion of Restoration | 1 |  | 
                18 total
  
               
              
              
Mata. (
red | 81 APM | 10352 actions | 127:18)
              
                » actions 
                
                | Assign group hotkey | 17 |  | 
| Basic commands | 25 |  | 
| Build / train | 2042 |  | 
| Enter build submenu | 1004 |  | 
| Remove unit from queue | 14 |  | 
| Right click | 1506 |  | 
| Select / deselect | 3126 |  | 
| Select group hotkey | 4 |  | 
| Use ability | 2608 |  | 
                10352 total
 » units 
                » upgrades
                
                | Masonry | 3 |  | 
| Lumber Harvesting | 2 |  | 
| Magic Sentry | 1 |  | 
                6 total
 » buildings
                
                | Lumber Mill | 2 |  | 
| Farm | 9 |  | 
| Scout Tower | 2458 |  | 
| Guard Tower | 1865 |  | 
| Arcane Tower | 13 |  | 
| Keep | 1 |  | 
| Altar of Kings | 1 |  | 
| Town Hall | 5 |  | 
| Castle | 2 |  | 
| Blacksmith | 1 |  | 
| Workshop | 1 |  | 
| Cannon Tower | 12 |  | 
| Arcane Sanctum | 1 |  | 
                4371 total
 » build order
                00:10 Lumber Mill
00:47 Farm
00:51 Scout Tower
00:52 Scout Tower
00:54 Scout Tower
00:55 Scout Tower
01:23 Scout Tower
01:27 Scout Tower
01:29 Scout Tower
01:30 Scout Tower
01:34 Guard Tower
01:34 Guard Tower
01:34 Guard Tower
01:42 Scout Tower
01:44 Scout Tower
01:45 Scout Tower
01:58 Guard Tower
01:58 Guard Tower
01:59 Guard Tower
02:02 Arcane Tower
02:03 Arcane Tower
02:10 Scout Tower
02:12 Scout Tower
02:19 Guard Tower
02:19 Guard Tower
02:24 Guard Tower
02:25 Guard Tower
02:29 Guard Tower
02:29 Guard Tower
02:54 Guard Tower
02:54 Guard Tower
02:59 Guard Tower
02:59 Guard Tower
03:03 Scout Tower
03:06 Scout Tower
03:12 Guard Tower
03:12 Guard Tower
03:20 Arcane Tower
03:20 Arcane Tower
03:46 Guard Tower
03:46 Scout Tower
03:49 Scout Tower
03:50 Scout Tower
03:53 Scout Tower
03:54 Scout Tower
04:03 Scout Tower
04:03 Scout Tower
04:09 Scout Tower
04:10 Scout Tower
04:14 Guard Tower
04:14 Guard Tower
04:16 Scout Tower
04:18 Scout Tower
04:20 Guard Tower
04:21 Guard Tower
04:25 Scout Tower
04:25 Scout Tower
04:40 Guard Tower
04:40 Guard Tower
04:42 Scout Tower
04:43 Scout Tower
04:43 Guard Tower
04:44 Guard Tower
04:53 Guard Tower
04:53 Guard Tower
04:57 Guard Tower
04:57 Guard Tower
04:57 Guard Tower
04:58 Guard Tower
04:58 Guard Tower
05:00 Scout Tower
05:00 Scout Tower
05:10 Scout Tower
05:10 Scout Tower
05:17 Guard Tower
05:17 Guard Tower
05:22 Guard Tower
05:23 Scout Tower
05:28 Guard Tower
05:29 Scout Tower
05:30 Guard Tower
05:30 Scout Tower
05:33 Guard Tower
05:34 Guard Tower
05:34 Scout Tower
05:37 Farm
05:37 Farm
05:46 Scout Tower
05:48 Scout Tower
05:51 Guard Tower
05:51 Guard Tower
05:52 Guard Tower
05:52 Scout Tower
05:53 Scout Tower
05:55 Guard Tower
05:55 Guard Tower
05:57 Scout Tower
05:58 Scout Tower
05:59 Guard Tower
05:59 Guard Tower
06:00 Guard Tower
06:00 Guard Tower
06:00 Guard Tower
06:01 Scout Tower
06:01 Scout Tower
06:35 Scout Tower
06:35 Scout Tower
06:36 Scout Tower
06:38 Scout Tower
06:40 Guard Tower
06:40 Guard Tower
06:41 Scout Tower
06:42 Scout Tower
06:43 Scout Tower
06:43 Scout Tower
06:46 Guard Tower
06:47 Scout Tower
06:48 Scout Tower
06:49 Guard Tower
06:49 Guard Tower
06:50 Scout Tower
06:51 Guard Tower
06:51 Guard Tower
06:51 Guard Tower
06:54 Scout Tower
07:01 Scout Tower
07:02 Scout Tower
07:02 Scout Tower
07:03 Scout Tower
07:12 Guard Tower
07:17 Guard Tower
07:17 Guard Tower
07:19 Scout Tower
07:20 Scout Tower
07:21 Guard Tower
07:21 Guard Tower
07:21 Guard Tower
07:24 Guard Tower
07:24 Guard Tower
07:25 Scout Tower
07:26 Scout Tower
07:40 Guard Tower
07:40 Guard Tower
07:41 Guard Tower
07:41 Guard Tower
07:41 Guard Tower
07:42 Guard Tower
07:42 Guard Tower
07:42 Guard Tower
07:44 Scout Tower
07:44 Scout Tower
07:45 Scout Tower
07:48 Scout Tower
07:48 Scout Tower
07:49 Scout Tower
07:50 Scout Tower
07:54 Guard Tower
07:54 Guard Tower
07:55 Scout Tower
07:56 Scout Tower
07:57 Guard Tower
07:57 Guard Tower
07:58 Guard Tower
08:12 Scout Tower
08:12 Scout Tower
08:16 Scout Tower
08:17 Scout Tower
08:17 Scout Tower
08:18 Scout Tower
08:19 Guard Tower
08:19 Guard Tower
08:19 Guard Tower
08:23 Guard Tower
08:23 Guard Tower
08:23 Guard Tower
08:26 Keep
08:27 Guard Tower
08:27 Guard Tower
08:30 Scout Tower
08:30 Scout Tower
08:33 Guard Tower
08:33 Guard Tower
08:50 Scout Tower
08:50 Scout Tower
08:53 Scout Tower
08:54 Scout Tower
08:56 Guard Tower
08:56 Guard Tower
08:57 Scout Tower
08:58 Scout Tower
08:59 Scout Tower
08:59 Scout Tower
09:03 Guard Tower
09:03 Guard Tower
09:24 Scout Tower
09:25 Scout Tower
09:25 Scout Tower
09:26 Scout Tower
09:39 Scout Tower
09:39 Scout Tower
09:40 Scout Tower
09:41 Scout Tower
09:43 Scout Tower
09:44 Scout Tower
09:45 Scout Tower
09:49 Guard Tower
09:49 Guard Tower
09:51 Scout Tower
09:51 Scout Tower
09:52 Scout Tower
09:54 Guard Tower
09:54 Guard Tower
10:19 Guard Tower
10:20 Guard Tower
10:20 Guard Tower
10:20 Guard Tower
10:21 Guard Tower
10:23 Guard Tower
10:23 Guard Tower
10:24 Scout Tower
10:25 Scout Tower
10:25 Scout Tower
10:26 Scout Tower
10:28 Guard Tower
10:28 Guard Tower
10:28 Guard Tower
10:33 Guard Tower
10:33 Guard Tower
10:33 Guard Tower
10:38 Guard Tower
10:38 Guard Tower
10:42 Scout Tower
10:42 Scout Tower
10:43 Scout Tower
10:52 Scout Tower
10:53 Scout Tower
10:56 Guard Tower
10:56 Guard Tower
10:57 Guard Tower
10:57 Guard Tower
10:58 Scout Tower
10:58 Scout Tower
11:01 Guard Tower
11:01 Guard Tower
11:02 Scout Tower
11:04 Scout Tower
11:04 Guard Tower
11:05 Guard Tower
11:06 Scout Tower
11:08 Guard Tower
11:08 Guard Tower
11:09 Scout Tower
11:10 Scout Tower
11:12 Guard Tower
11:13 Guard Tower
11:13 Guard Tower
11:16 Scout Tower
11:17 Scout Tower
11:26 Guard Tower
11:26 Guard Tower
11:27 Guard Tower
11:34 Scout Tower
11:34 Scout Tower
11:35 Scout Tower
11:36 Guard Tower
11:36 Guard Tower
11:36 Guard Tower
11:38 Guard Tower
11:38 Guard Tower
11:38 Guard Tower
11:39 Guard Tower
11:40 Scout Tower
11:41 Scout Tower
11:42 Scout Tower
11:50 Guard Tower
11:50 Guard Tower
11:50 Guard Tower
11:52 Scout Tower
11:53 Scout Tower
11:55 Scout Tower
11:58 Scout Tower
12:02 Guard Tower
12:03 Scout Tower
12:04 Scout Tower
12:06 Guard Tower
12:07 Guard Tower
12:08 Scout Tower
12:09 Scout Tower
12:10 Scout Tower
12:17 Guard Tower
12:17 Guard Tower
12:29 Guard Tower
12:48 Altar of Kings
12:50 Guard Tower
12:51 Guard Tower
12:51 Guard Tower
12:51 Guard Tower
12:53 Scout Tower
12:54 Scout Tower
12:54 Scout Tower
12:55 Scout Tower
12:58 Guard Tower
13:03 Scout Tower
13:14 Scout Tower
13:24 Guard Tower
13:24 Guard Tower
13:27 Guard Tower
13:27 Guard Tower
13:29 Scout Tower
13:29 Scout Tower
13:30 Scout Tower
13:37 Scout Tower
13:38 Scout Tower
13:39 Scout Tower
13:41 Guard Tower
13:41 Guard Tower
13:44 Guard Tower
13:44 Guard Tower
13:51 Guard Tower
13:51 Guard Tower
13:52 Guard Tower
13:52 Guard Tower
13:55 Guard Tower
13:55 Guard Tower
13:58 Scout Tower
13:58 Scout Tower
13:59 Scout Tower
14:00 Scout Tower
14:03 Guard Tower
14:04 Guard Tower
14:05 Guard Tower
14:05 Guard Tower
14:08 Scout Tower
14:09 Scout Tower
14:14 Scout Tower
14:16 Scout Tower
14:17 Scout Tower
14:22 Scout Tower
14:23 Scout Tower
14:36 Guard Tower
14:36 Guard Tower
14:43 Guard Tower
14:43 Guard Tower
14:52 Scout Tower
14:52 Scout Tower
14:53 Scout Tower
14:57 Guard Tower
14:57 Guard Tower
15:00 Scout Tower
15:02 Scout Tower
15:04 Scout Tower
15:05 Scout Tower
15:11 Guard Tower
15:11 Guard Tower
15:46 Guard Tower
15:46 Guard Tower
15:51 Scout Tower
15:51 Scout Tower
15:52 Scout Tower
15:53 Scout Tower
16:00 Scout Tower
16:01 Scout Tower
16:23 Scout Tower
16:30 Guard Tower
16:30 Guard Tower
16:30 Guard Tower
16:31 Scout Tower
16:31 Scout Tower
16:35 Guard Tower
16:36 Guard Tower
16:42 Scout Tower
16:43 Scout Tower
16:54 Guard Tower
16:54 Guard Tower
16:55 Scout Tower
16:56 Scout Tower
17:00 Scout Tower
17:01 Scout Tower
17:17 Guard Tower
17:18 Scout Tower
17:20 Scout Tower
17:20 Scout Tower
17:22 Scout Tower
17:22 Scout Tower
17:23 Scout Tower
17:26 Guard Tower
17:26 Guard Tower
17:29 Scout Tower
17:30 Scout Tower
17:30 Scout Tower
17:31 Scout Tower
17:33 Guard Tower
17:33 Guard Tower
17:34 Guard Tower
17:38 Guard Tower
17:39 Guard Tower
17:39 Guard Tower
17:55 Town Hall
18:02 Scout Tower
18:03 Scout Tower
18:06 Scout Tower
18:35 Scout Tower
18:36 Scout Tower
18:40 Scout Tower
18:41 Scout Tower
19:05 Scout Tower
19:06 Scout Tower
19:10 Guard Tower
19:10 Guard Tower
19:18 Guard Tower
19:22 Scout Tower
19:23 Scout Tower
19:24 Scout Tower
19:35 Guard Tower
19:35 Guard Tower
19:37 Guard Tower
19:37 Guard Tower
19:39 Scout Tower
19:41 Scout Tower
19:41 Scout Tower
19:42 Scout Tower
19:45 Guard Tower
19:46 Guard Tower
19:55 Guard Tower
19:55 Guard Tower
19:59 Scout Tower
20:01 Scout Tower
20:02 Scout Tower
20:05 Guard Tower
20:05 Guard Tower
20:08 Scout Tower
20:09 Scout Tower
20:09 Scout Tower
20:10 Scout Tower
20:21 Guard Tower
20:21 Guard Tower
20:24 Scout Tower
20:25 Scout Tower
20:26 Scout Tower
20:26 Scout Tower
20:31 Guard Tower
20:31 Guard Tower
20:31 Guard Tower
20:35 Scout Tower
20:35 Scout Tower
20:36 Scout Tower
20:44 Guard Tower
20:44 Guard Tower
20:46 Scout Tower
20:47 Scout Tower
20:52 Scout Tower
20:53 Scout Tower
20:54 Scout Tower
20:54 Scout Tower
20:57 Guard Tower
21:06 Guard Tower
21:06 Guard Tower
21:06 Guard Tower
21:08 Scout Tower
21:09 Scout Tower
21:09 Scout Tower
21:18 Guard Tower
21:23 Guard Tower
21:31 Castle
21:35 Guard Tower
21:35 Guard Tower
21:36 Scout Tower
21:37 Scout Tower
21:38 Scout Tower
21:44 Guard Tower
21:44 Guard Tower
21:50 Scout Tower
21:51 Scout Tower
21:52 Scout Tower
21:53 Scout Tower
21:54 Scout Tower
21:54 Scout Tower
21:57 Guard Tower
22:03 Guard Tower
22:03 Guard Tower
22:03 Guard Tower
22:04 Guard Tower
22:04 Guard Tower
22:04 Guard Tower
22:07 Scout Tower
22:09 Scout Tower
22:10 Scout Tower
22:11 Scout Tower
22:26 Guard Tower
22:45 Guard Tower
22:46 Guard Tower
22:46 Guard Tower
22:51 Scout Tower
22:58 Scout Tower
23:19 Guard Tower
23:19 Guard Tower
23:26 Guard Tower
23:26 Guard Tower
23:28 Scout Tower
23:31 Guard Tower
23:34 Blacksmith
23:36 Scout Tower
23:38 Guard Tower
23:39 Guard Tower
23:39 Guard Tower
23:41 Scout Tower
23:42 Scout Tower
23:42 Scout Tower
23:46 Scout Tower
23:53 Scout Tower
24:15 Guard Tower
24:16 Guard Tower
24:33 Scout Tower
24:40 Workshop
24:50 Guard Tower
24:50 Guard Tower
24:51 Guard Tower
24:52 Scout Tower
24:53 Scout Tower
24:53 Scout Tower
24:57 Guard Tower
24:57 Guard Tower
25:01 Guard Tower
25:21 Cannon Tower
25:21 Cannon Tower
25:58 Guard Tower
25:58 Guard Tower
26:22 Scout Tower
26:35 Scout Tower
26:35 Scout Tower
26:36 Scout Tower
26:48 Scout Tower
26:50 Guard Tower
26:51 Guard Tower
27:11 Guard Tower
27:12 Guard Tower
27:30 Scout Tower
27:32 Scout Tower
27:34 Scout Tower
27:40 Guard Tower
27:42 Scout Tower
27:43 Scout Tower
27:43 Scout Tower
27:57 Scout Tower
27:58 Cannon Tower
27:58 Cannon Tower
27:59 Cannon Tower
28:10 Scout Tower
28:10 Scout Tower
28:11 Scout Tower
28:11 Guard Tower
28:12 Guard Tower
28:12 Guard Tower
28:12 Guard Tower
28:12 Guard Tower
28:13 Guard Tower
28:24 Guard Tower
28:24 Guard Tower
28:25 Guard Tower
28:25 Guard Tower
28:28 Guard Tower
28:28 Guard Tower
28:29 Scout Tower
28:31 Scout Tower
28:59 Cannon Tower
29:00 Cannon Tower
29:00 Cannon Tower
29:05 Scout Tower
29:05 Scout Tower
29:06 Scout Tower
29:09 Scout Tower
29:16 Guard Tower
29:16 Guard Tower
29:18 Scout Tower
29:18 Scout Tower
29:19 Scout Tower
29:50 Guard Tower
29:50 Guard Tower
29:59 Town Hall
30:04 Scout Tower
30:05 Scout Tower
30:30 Guard Tower
30:36 Scout Tower
30:37 Scout Tower
30:38 Scout Tower
30:39 Scout Tower
30:40 Scout Tower
30:41 Guard Tower
30:41 Guard Tower
30:41 Guard Tower
30:43 Guard Tower
30:43 Guard Tower
30:58 Scout Tower
30:59 Scout Tower
31:00 Scout Tower
31:00 Scout Tower
31:01 Scout Tower
31:33 Guard Tower
31:34 Guard Tower
31:34 Guard Tower
31:38 Scout Tower
31:38 Scout Tower
31:39 Scout Tower
31:40 Scout Tower
31:41 Scout Tower
31:42 Scout Tower
31:42 Scout Tower
31:43 Scout Tower
31:44 Scout Tower
31:44 Guard Tower
31:45 Guard Tower
31:45 Guard Tower
31:45 Guard Tower
31:47 Guard Tower
31:47 Guard Tower
31:49 Scout Tower
31:49 Scout Tower
31:50 Scout Tower
32:21 Guard Tower
32:21 Guard Tower
32:27 Guard Tower
32:27 Guard Tower
32:31 Scout Tower
32:32 Scout Tower
32:32 Scout Tower
32:33 Scout Tower
32:34 Scout Tower
32:35 Scout Tower
32:36 Scout Tower
32:40 Scout Tower
32:40 Scout Tower
32:41 Scout Tower
33:10 Guard Tower
33:11 Guard Tower
33:12 Scout Tower
33:13 Scout Tower
33:13 Scout Tower
33:17 Guard Tower
33:18 Guard Tower
33:18 Guard Tower
33:20 Guard Tower
33:20 Guard Tower
33:24 Scout Tower
33:25 Scout Tower
33:25 Scout Tower
33:26 Scout Tower
33:26 Scout Tower
33:27 Scout Tower
33:33 Scout Tower
33:34 Scout Tower
33:36 Scout Tower
33:36 Scout Tower
33:42 Guard Tower
33:43 Guard Tower
33:46 Scout Tower
33:47 Scout Tower
33:55 Guard Tower
33:55 Guard Tower
34:00 Scout Tower
34:01 Scout Tower
34:03 Scout Tower
34:03 Scout Tower
34:04 Scout Tower
34:14 Guard Tower
34:14 Guard Tower
34:15 Scout Tower
34:16 Scout Tower
34:16 Scout Tower
34:17 Scout Tower
34:28 Guard Tower
34:31 Scout Tower
34:31 Scout Tower
34:32 Scout Tower
34:32 Scout Tower
34:34 Guard Tower
34:39 Guard Tower
34:39 Guard Tower
34:45 Guard Tower
34:45 Guard Tower
34:47 Scout Tower
34:48 Scout Tower
34:49 Scout Tower
34:49 Scout Tower
34:50 Scout Tower
34:50 Scout Tower
34:50 Scout Tower
34:51 Guard Tower
34:52 Guard Tower
34:58 Guard Tower
34:58 Guard Tower
35:09 Guard Tower
35:14 Scout Tower
35:15 Scout Tower
35:15 Scout Tower
35:23 Scout Tower
35:24 Scout Tower
35:24 Scout Tower
35:24 Scout Tower
35:25 Scout Tower
35:25 Scout Tower
35:30 Scout Tower
35:31 Scout Tower
35:31 Scout Tower
35:32 Guard Tower
35:32 Guard Tower
35:33 Guard Tower
35:33 Guard Tower
35:38 Guard Tower
35:38 Guard Tower
35:47 Guard Tower
35:47 Guard Tower
35:50 Scout Tower
35:51 Scout Tower
35:51 Scout Tower
36:08 Scout Tower
36:08 Scout Tower
36:09 Scout Tower
36:11 Guard Tower
36:11 Guard Tower
36:12 Scout Tower
36:13 Scout Tower
36:13 Scout Tower
36:27 Guard Tower
36:27 Guard Tower
36:27 Guard Tower
36:30 Guard Tower
36:30 Guard Tower
36:37 Guard Tower
36:37 Guard Tower
36:48 Guard Tower
36:48 Guard Tower
36:48 Guard Tower
36:55 Guard Tower
36:57 Guard Tower
36:57 Guard Tower
36:59 Scout Tower
37:00 Scout Tower
37:01 Scout Tower
37:12 Guard Tower
37:12 Guard Tower
37:15 Scout Tower
37:15 Scout Tower
37:19 Scout Tower
37:19 Scout Tower
37:21 Guard Tower
37:21 Guard Tower
37:34 Guard Tower
37:34 Guard Tower
37:35 Guard Tower
37:35 Guard Tower
37:42 Scout Tower
37:42 Scout Tower
37:43 Scout Tower
37:52 Guard Tower
37:52 Guard Tower
37:56 Guard Tower
37:57 Guard Tower
38:18 Guard Tower
38:18 Guard Tower
38:18 Guard Tower
38:31 Guard Tower
38:32 Guard Tower
38:42 Scout Tower
38:43 Scout Tower
38:44 Scout Tower
38:47 Scout Tower
38:48 Scout Tower
38:52 Scout Tower
38:53 Scout Tower
38:54 Scout Tower
38:55 Scout Tower
38:56 Scout Tower
39:16 Guard Tower
39:18 Guard Tower
39:19 Guard Tower
39:19 Guard Tower
39:21 Scout Tower
39:22 Scout Tower
39:22 Scout Tower
39:23 Scout Tower
39:25 Guard Tower
39:25 Guard Tower
39:27 Guard Tower
39:28 Guard Tower
39:28 Guard Tower
39:28 Guard Tower
39:36 Guard Tower
39:36 Guard Tower
39:36 Guard Tower
39:42 Scout Tower
39:43 Scout Tower
39:43 Scout Tower
39:57 Guard Tower
39:58 Guard Tower
39:58 Guard Tower
40:02 Guard Tower
40:02 Guard Tower
40:18 Guard Tower
40:18 Guard Tower
40:29 Scout Tower
40:30 Scout Tower
40:30 Scout Tower
40:31 Scout Tower
40:31 Scout Tower
40:32 Scout Tower
40:37 Guard Tower
40:37 Guard Tower
40:46 Scout Tower
40:47 Scout Tower
40:54 Scout Tower
40:54 Scout Tower
41:04 Scout Tower
41:04 Scout Tower
41:10 Scout Tower
41:11 Scout Tower
41:11 Scout Tower
41:23 Guard Tower
41:23 Guard Tower
41:23 Guard Tower
41:36 Scout Tower
41:38 Scout Tower
41:43 Guard Tower
41:44 Guard Tower
41:45 Scout Tower
41:45 Scout Tower
41:47 Scout Tower
41:48 Scout Tower
41:49 Scout Tower
41:58 Guard Tower
42:00 Scout Tower
42:00 Scout Tower
42:01 Scout Tower
42:06 Guard Tower
42:06 Guard Tower
42:13 Scout Tower
42:14 Scout Tower
42:15 Scout Tower
42:19 Guard Tower
42:20 Guard Tower
42:20 Guard Tower
42:26 Scout Tower
42:27 Scout Tower
42:32 Guard Tower
42:33 Guard Tower
42:34 Scout Tower
42:34 Scout Tower
42:35 Scout Tower
42:37 Guard Tower
42:38 Guard Tower
42:38 Scout Tower
42:39 Scout Tower
42:39 Scout Tower
42:40 Scout Tower
42:44 Scout Tower
42:44 Scout Tower
42:45 Scout Tower
42:46 Scout Tower
42:56 Guard Tower
42:56 Guard Tower
42:59 Scout Tower
42:59 Scout Tower
43:00 Scout Tower
43:01 Scout Tower
43:02 Guard Tower
43:02 Guard Tower
43:04 Guard Tower
43:05 Guard Tower
43:06 Guard Tower
43:06 Guard Tower
43:18 Guard Tower
43:18 Guard Tower
43:26 Guard Tower
43:27 Scout Tower
43:28 Scout Tower
43:28 Scout Tower
43:29 Guard Tower
43:29 Guard Tower
43:29 Guard Tower
43:30 Guard Tower
43:34 Scout Tower
43:35 Scout Tower
43:36 Scout Tower
43:37 Scout Tower
43:39 Guard Tower
43:39 Guard Tower
43:44 Guard Tower
43:45 Guard Tower
43:46 Scout Tower
43:46 Scout Tower
43:47 Scout Tower
43:49 Scout Tower
43:57 Scout Tower
43:57 Scout Tower
43:58 Scout Tower
43:59 Scout Tower
44:11 Guard Tower
44:11 Guard Tower
44:17 Guard Tower
44:17 Guard Tower
44:23 Guard Tower
44:24 Scout Tower
44:24 Scout Tower
44:24 Scout Tower
44:39 Guard Tower
44:39 Guard Tower
44:43 Scout Tower
44:43 Scout Tower
44:44 Scout Tower
44:46 Guard Tower
44:46 Guard Tower
44:51 Scout Tower
44:51 Scout Tower
44:52 Scout Tower
44:53 Scout Tower
44:56 Scout Tower
44:56 Scout Tower
45:01 Guard Tower
45:02 Scout Tower
45:02 Scout Tower
45:12 Guard Tower
45:22 Guard Tower
45:22 Guard Tower
45:25 Scout Tower
45:26 Scout Tower
45:26 Scout Tower
45:27 Scout Tower
45:30 Guard Tower
45:30 Guard Tower
45:35 Scout Tower
45:36 Scout Tower
45:40 Guard Tower
45:40 Guard Tower
45:42 Scout Tower
45:42 Scout Tower
45:43 Scout Tower
45:59 Scout Tower
46:00 Scout Tower
46:01 Scout Tower
46:02 Scout Tower
46:03 Scout Tower
46:13 Scout Tower
46:14 Scout Tower
46:15 Scout Tower
46:27 Guard Tower
46:27 Guard Tower
46:31 Guard Tower
46:31 Guard Tower
46:32 Scout Tower
46:33 Scout Tower
46:33 Scout Tower
46:33 Scout Tower
46:36 Guard Tower
46:37 Scout Tower
46:38 Scout Tower
46:39 Scout Tower
46:39 Scout Tower
46:40 Scout Tower
46:41 Scout Tower
46:43 Guard Tower
46:43 Guard Tower
46:44 Guard Tower
46:44 Guard Tower
46:46 Scout Tower
46:46 Scout Tower
46:46 Scout Tower
46:49 Guard Tower
46:49 Scout Tower
46:50 Scout Tower
46:50 Scout Tower
47:02 Guard Tower
47:03 Guard Tower
47:03 Guard Tower
47:04 Scout Tower
47:04 Scout Tower
47:05 Scout Tower
47:05 Scout Tower
47:15 Guard Tower
47:15 Guard Tower
47:16 Guard Tower
47:17 Scout Tower
47:18 Scout Tower
47:18 Scout Tower
47:19 Scout Tower
47:45 Guard Tower
47:50 Scout Tower
47:50 Scout Tower
47:52 Scout Tower
47:53 Scout Tower
48:21 Scout Tower
48:23 Scout Tower
48:24 Scout Tower
48:24 Scout Tower
48:26 Guard Tower
48:26 Guard Tower
48:37 Town Hall
48:39 Scout Tower
48:40 Scout Tower
48:46 Scout Tower
48:47 Scout Tower
48:48 Scout Tower
48:48 Scout Tower
48:49 Guard Tower
48:49 Guard Tower
48:49 Guard Tower
48:51 Guard Tower
48:52 Guard Tower
48:52 Guard Tower
48:53 Guard Tower
48:54 Scout Tower
48:54 Scout Tower
48:55 Scout Tower
48:55 Scout Tower
48:57 Scout Tower
48:58 Scout Tower
48:58 Scout Tower
48:59 Scout Tower
49:08 Guard Tower
49:08 Guard Tower
49:09 Scout Tower
49:09 Scout Tower
49:10 Scout Tower
49:10 Scout Tower
49:11 Scout Tower
49:34 Guard Tower
49:34 Guard Tower
49:35 Scout Tower
49:36 Scout Tower
49:41 Guard Tower
49:41 Guard Tower
49:43 Scout Tower
49:44 Scout Tower
49:44 Scout Tower
49:50 Scout Tower
49:51 Scout Tower
49:52 Scout Tower
49:52 Scout Tower
49:54 Guard Tower
49:56 Scout Tower
49:56 Scout Tower
49:57 Scout Tower
50:04 Guard Tower
50:05 Guard Tower
50:07 Scout Tower
50:07 Scout Tower
50:08 Scout Tower
50:14 Scout Tower
50:14 Scout Tower
50:20 Guard Tower
50:20 Guard Tower
50:21 Guard Tower
50:25 Scout Tower
50:26 Scout Tower
50:33 Guard Tower
50:34 Guard Tower
50:36 Scout Tower
50:37 Scout Tower
50:37 Scout Tower
50:37 Scout Tower
50:38 Guard Tower
50:38 Guard Tower
50:49 Guard Tower
50:49 Guard Tower
50:51 Scout Tower
50:53 Scout Tower
50:54 Scout Tower
50:56 Scout Tower
51:01 Guard Tower
51:03 Scout Tower
51:03 Scout Tower
51:05 Guard Tower
51:06 Guard Tower
51:08 Guard Tower
51:09 Scout Tower
51:10 Scout Tower
51:10 Scout Tower
51:11 Scout Tower
51:12 Scout Tower
51:16 Scout Tower
51:16 Scout Tower
51:16 Scout Tower
51:17 Scout Tower
51:23 Guard Tower
51:25 Scout Tower
51:25 Scout Tower
51:25 Scout Tower
51:30 Town Hall
51:36 Guard Tower
51:36 Guard Tower
51:37 Scout Tower
51:37 Scout Tower
51:38 Scout Tower
51:40 Guard Tower
51:40 Guard Tower
51:40 Guard Tower
51:41 Guard Tower
51:42 Guard Tower
51:52 Guard Tower
51:52 Guard Tower
51:53 Guard Tower
51:53 Guard Tower
51:53 Guard Tower
51:54 Guard Tower
51:54 Guard Tower
51:56 Scout Tower
51:56 Scout Tower
51:56 Scout Tower
52:02 Scout Tower
52:03 Scout Tower
52:03 Scout Tower
52:04 Scout Tower
52:05 Scout Tower
52:05 Scout Tower
52:06 Scout Tower
52:07 Guard Tower
52:07 Guard Tower
52:08 Scout Tower
52:09 Scout Tower
52:10 Scout Tower
52:12 Scout Tower
52:12 Scout Tower
52:14 Guard Tower
52:15 Guard Tower
52:16 Scout Tower
52:17 Scout Tower
52:18 Scout Tower
52:20 Guard Tower
52:22 Scout Tower
52:22 Scout Tower
52:25 Guard Tower
52:26 Guard Tower
52:27 Scout Tower
52:29 Scout Tower
52:30 Scout Tower
52:32 Guard Tower
52:32 Guard Tower
52:32 Guard Tower
52:34 Scout Tower
52:35 Scout Tower
52:35 Scout Tower
52:36 Scout Tower
52:39 Guard Tower
52:39 Guard Tower
52:43 Scout Tower
52:44 Scout Tower
52:44 Scout Tower
53:00 Guard Tower
53:00 Guard Tower
53:00 Guard Tower
53:01 Guard Tower
53:02 Guard Tower
53:05 Scout Tower
53:06 Scout Tower
53:06 Scout Tower
53:08 Scout Tower
53:09 Scout Tower
53:10 Scout Tower
53:11 Guard Tower
53:11 Guard Tower
53:12 Guard Tower
53:13 Guard Tower
53:15 Scout Tower
53:15 Scout Tower
53:16 Scout Tower
53:16 Scout Tower
53:18 Scout Tower
53:18 Scout Tower
53:20 Guard Tower
53:20 Guard Tower
53:20 Guard Tower
53:21 Guard Tower
53:27 Scout Tower
53:27 Scout Tower
53:28 Scout Tower
53:30 Scout Tower
53:31 Scout Tower
53:41 Guard Tower
53:41 Guard Tower
53:41 Guard Tower
53:43 Scout Tower
53:44 Scout Tower
53:45 Scout Tower
53:49 Scout Tower
53:50 Scout Tower
53:54 Guard Tower
53:58 Scout Tower
53:58 Scout Tower
54:00 Guard Tower
54:00 Guard Tower
54:01 Scout Tower
54:02 Scout Tower
54:05 Guard Tower
54:05 Guard Tower
54:09 Guard Tower
54:09 Guard Tower
54:10 Guard Tower
54:22 Guard Tower
54:22 Guard Tower
54:22 Guard Tower
54:22 Guard Tower
54:23 Guard Tower
54:24 Guard Tower
54:26 Scout Tower
54:28 Scout Tower
54:29 Scout Tower
54:30 Scout Tower
54:32 Scout Tower
54:35 Guard Tower
54:35 Guard Tower
54:35 Guard Tower
54:36 Guard Tower
54:36 Guard Tower
54:38 Guard Tower
54:39 Guard Tower
54:40 Scout Tower
54:40 Scout Tower
54:41 Scout Tower
54:53 Guard Tower
54:58 Scout Tower
54:58 Scout Tower
55:00 Scout Tower
55:07 Scout Tower
55:07 Scout Tower
55:08 Scout Tower
55:08 Scout Tower
55:11 Scout Tower
55:11 Scout Tower
55:12 Scout Tower
55:13 Scout Tower
55:15 Guard Tower
55:15 Guard Tower
55:18 Scout Tower
55:19 Scout Tower
55:19 Scout Tower
55:20 Scout Tower
55:20 Scout Tower
55:21 Scout Tower
55:21 Scout Tower
55:22 Scout Tower
55:23 Scout Tower
55:23 Scout Tower
55:25 Scout Tower
55:26 Scout Tower
55:26 Scout Tower
55:27 Scout Tower
55:30 Scout Tower
55:31 Scout Tower
55:31 Scout Tower
55:32 Scout Tower
55:33 Scout Tower
55:33 Scout Tower
55:38 Guard Tower
55:38 Guard Tower
55:38 Guard Tower
55:40 Scout Tower
55:41 Scout Tower
55:42 Scout Tower
55:43 Scout Tower
55:43 Scout Tower
55:52 Scout Tower
55:53 Scout Tower
55:54 Scout Tower
55:59 Scout Tower
56:00 Scout Tower
56:01 Scout Tower
56:01 Guard Tower
56:01 Guard Tower
56:03 Guard Tower
56:04 Guard Tower
56:08 Scout Tower
56:09 Scout Tower
56:10 Scout Tower
56:11 Scout Tower
56:12 Guard Tower
56:13 Scout Tower
56:14 Scout Tower
56:14 Scout Tower
56:17 Scout Tower
56:17 Scout Tower
56:17 Scout Tower
56:18 Scout Tower
56:25 Arcane Sanctum
56:28 Guard Tower
56:28 Guard Tower
56:28 Scout Tower
56:29 Scout Tower
56:29 Scout Tower
56:31 Guard Tower
56:31 Guard Tower
56:34 Scout Tower
56:34 Scout Tower
56:36 Scout Tower
56:36 Scout Tower
56:37 Scout Tower
56:38 Scout Tower
56:39 Scout Tower
56:39 Scout Tower
56:40 Scout Tower
56:43 Guard Tower
56:43 Guard Tower
56:43 Guard Tower
56:46 Scout Tower
56:47 Scout Tower
56:47 Scout Tower
56:48 Scout Tower
56:48 Scout Tower
56:49 Guard Tower
56:49 Guard Tower
56:50 Guard Tower
56:50 Scout Tower
56:51 Scout Tower
56:52 Scout Tower
56:52 Scout Tower
56:53 Scout Tower
56:54 Scout Tower
56:56 Guard Tower
56:57 Scout Tower
56:58 Scout Tower
56:58 Scout Tower
56:59 Scout Tower
56:59 Scout Tower
56:59 Scout Tower
57:05 Guard Tower
57:05 Guard Tower
57:06 Scout Tower
57:07 Scout Tower
57:07 Scout Tower
57:08 Scout Tower
57:08 Scout Tower
57:09 Scout Tower
57:09 Scout Tower
57:10 Scout Tower
57:10 Scout Tower
57:13 Guard Tower
57:14 Scout Tower
57:14 Scout Tower
57:15 Scout Tower
57:15 Scout Tower
57:16 Scout Tower
57:20 Guard Tower
57:20 Guard Tower
57:21 Scout Tower
57:22 Scout Tower
57:23 Scout Tower
57:24 Scout Tower
57:29 Guard Tower
57:30 Guard Tower
57:35 Guard Tower
57:39 Scout Tower
57:40 Scout Tower
57:40 Scout Tower
57:41 Scout Tower
57:42 Scout Tower
57:43 Scout Tower
57:44 Scout Tower
57:45 Guard Tower
57:46 Guard Tower
57:46 Guard Tower
57:48 Guard Tower
57:53 Scout Tower
57:53 Scout Tower
57:54 Scout Tower
57:54 Scout Tower
57:54 Scout Tower
57:58 Guard Tower
57:58 Guard Tower
57:58 Guard Tower
58:01 Scout Tower
58:02 Scout Tower
58:03 Scout Tower
58:04 Scout Tower
58:04 Scout Tower
58:05 Scout Tower
58:07 Scout Tower
58:09 Scout Tower
58:12 Guard Tower
58:12 Guard Tower
58:12 Guard Tower
58:13 Scout Tower
58:14 Scout Tower
58:15 Scout Tower
58:17 Guard Tower
58:18 Scout Tower
58:19 Scout Tower
58:19 Scout Tower
58:20 Scout Tower
58:33 Scout Tower
58:33 Scout Tower
58:34 Scout Tower
58:34 Scout Tower
58:35 Scout Tower
58:37 Guard Tower
58:37 Guard Tower
58:41 Scout Tower
58:41 Scout Tower
58:42 Scout Tower
58:42 Scout Tower
58:43 Guard Tower
58:43 Guard Tower
58:43 Guard Tower
58:44 Guard Tower
58:52 Scout Tower
58:52 Scout Tower
58:53 Scout Tower
58:53 Scout Tower
58:54 Scout Tower
58:54 Scout Tower
58:55 Scout Tower
58:55 Scout Tower
58:59 Guard Tower
58:59 Guard Tower
59:03 Scout Tower
59:03 Scout Tower
59:03 Scout Tower
59:05 Scout Tower
59:07 Guard Tower
59:09 Scout Tower
59:10 Scout Tower
59:10 Scout Tower
59:14 Guard Tower
59:15 Guard Tower
59:21 Guard Tower
59:21 Guard Tower
59:21 Guard Tower
59:23 Scout Tower
59:23 Scout Tower
59:24 Scout Tower
59:24 Scout Tower
59:25 Scout Tower
59:28 Guard Tower
59:29 Guard Tower
59:29 Guard Tower
59:29 Guard Tower
59:34 Scout Tower
59:35 Scout Tower
59:36 Scout Tower
59:36 Scout Tower
59:37 Scout Tower
59:37 Scout Tower
59:37 Scout Tower
59:38 Scout Tower
59:39 Guard Tower
59:39 Guard Tower
59:40 Guard Tower
59:46 Guard Tower
59:47 Guard Tower
59:48 Guard Tower
59:50 Scout Tower
59:51 Scout Tower
59:51 Scout Tower
59:52 Scout Tower
59:53 Scout Tower
59:53 Scout Tower
59:54 Scout Tower
59:55 Guard Tower
59:55 Guard Tower
59:56 Guard Tower
59:58 Guard Tower
59:59 Scout Tower
59:59 Scout Tower
60:00 Scout Tower
60:02 Guard Tower
60:02 Guard Tower
60:03 Scout Tower
60:03 Scout Tower
60:05 Scout Tower
60:05 Scout Tower
60:07 Guard Tower
60:07 Guard Tower
60:08 Scout Tower
60:09 Scout Tower
60:09 Scout Tower
60:11 Scout Tower
60:12 Scout Tower
60:13 Scout Tower
60:15 Guard Tower
60:15 Guard Tower
60:17 Scout Tower
60:17 Scout Tower
60:18 Scout Tower
60:19 Scout Tower
60:23 Guard Tower
60:23 Guard Tower
60:24 Scout Tower
60:24 Scout Tower
60:25 Scout Tower
60:25 Scout Tower
60:26 Scout Tower
60:31 Scout Tower
60:32 Scout Tower
60:32 Scout Tower
60:33 Scout Tower
60:33 Scout Tower
60:34 Scout Tower
60:34 Guard Tower
60:35 Guard Tower
60:35 Guard Tower
60:37 Scout Tower
60:38 Scout Tower
60:38 Scout Tower
60:39 Scout Tower
60:39 Scout Tower
60:40 Scout Tower
60:45 Guard Tower
60:45 Guard Tower
60:46 Guard Tower
60:47 Scout Tower
60:47 Scout Tower
60:48 Scout Tower
60:49 Scout Tower
60:49 Scout Tower
60:50 Scout Tower
60:53 Scout Tower
60:53 Scout Tower
60:54 Scout Tower
60:54 Scout Tower
60:55 Scout Tower
60:55 Scout Tower
60:58 Guard Tower
60:59 Scout Tower
61:00 Scout Tower
61:00 Scout Tower
61:01 Scout Tower
61:01 Scout Tower
61:01 Scout Tower
61:02 Scout Tower
61:02 Scout Tower
61:10 Guard Tower
61:10 Guard Tower
61:10 Guard Tower
61:35 Guard Tower
61:35 Guard Tower
61:43 Scout Tower
61:44 Scout Tower
61:49 Scout Tower
61:50 Scout Tower
61:50 Scout Tower
61:53 Scout Tower
61:54 Scout Tower
61:54 Scout Tower
62:02 Guard Tower
62:02 Guard Tower
62:02 Guard Tower
62:10 Guard Tower
62:10 Guard Tower
62:10 Guard Tower
62:16 Guard Tower
62:33 Guard Tower
62:33 Guard Tower
62:33 Guard Tower
62:56 Guard Tower
62:56 Guard Tower
63:15 Guard Tower
63:17 Guard Tower
63:36 Guard Tower
63:36 Guard Tower
63:37 Scout Tower
63:37 Scout Tower
63:39 Scout Tower
63:41 Guard Tower
63:41 Guard Tower
63:44 Scout Tower
63:44 Scout Tower
63:45 Scout Tower
63:47 Scout Tower
63:48 Scout Tower
63:48 Scout Tower
64:05 Guard Tower
64:05 Guard Tower
64:37 Guard Tower
64:38 Guard Tower
64:38 Guard Tower
64:38 Guard Tower
64:39 Guard Tower
64:40 Guard Tower
64:40 Guard Tower
64:40 Guard Tower
64:41 Guard Tower
64:43 Scout Tower
64:43 Scout Tower
64:44 Scout Tower
64:45 Scout Tower
64:45 Scout Tower
64:46 Scout Tower
64:47 Scout Tower
64:47 Scout Tower
64:49 Scout Tower
64:50 Scout Tower
64:54 Scout Tower
64:54 Scout Tower
64:55 Scout Tower
65:06 Guard Tower
65:06 Guard Tower
65:10 Guard Tower
65:11 Guard Tower
65:13 Scout Tower
65:13 Scout Tower
65:15 Scout Tower
65:15 Scout Tower
65:16 Scout Tower
65:17 Guard Tower
65:19 Scout Tower
65:20 Scout Tower
65:21 Scout Tower
65:21 Scout Tower
65:22 Scout Tower
65:22 Scout Tower
65:30 Guard Tower
65:33 Scout Tower
65:42 Guard Tower
65:42 Guard Tower
65:43 Guard Tower
65:54 Scout Tower
65:54 Scout Tower
65:55 Scout Tower
65:56 Scout Tower
65:56 Scout Tower
66:07 Guard Tower
66:08 Guard Tower
66:09 Scout Tower
66:09 Scout Tower
66:10 Scout Tower
66:10 Scout Tower
66:11 Scout Tower
66:12 Scout Tower
66:14 Guard Tower
66:15 Scout Tower
66:15 Scout Tower
66:25 Guard Tower
66:25 Guard Tower
66:25 Guard Tower
66:28 Scout Tower
66:29 Scout Tower
66:30 Scout Tower
66:30 Scout Tower
66:31 Scout Tower
66:31 Scout Tower
66:32 Scout Tower
66:32 Scout Tower
66:40 Guard Tower
66:41 Guard Tower
66:44 Scout Tower
66:44 Scout Tower
66:45 Scout Tower
66:46 Scout Tower
66:47 Scout Tower
66:48 Guard Tower
66:48 Guard Tower
66:48 Guard Tower
66:56 Scout Tower
66:57 Scout Tower
66:58 Scout Tower
66:58 Scout Tower
67:03 Guard Tower
67:04 Guard Tower
67:08 Scout Tower
67:09 Scout Tower
67:10 Scout Tower
67:11 Scout Tower
67:25 Scout Tower
67:26 Scout Tower
67:26 Scout Tower
67:27 Scout Tower
67:27 Scout Tower
67:28 Scout Tower
67:28 Scout Tower
67:29 Scout Tower
67:34 Guard Tower
67:34 Guard Tower
67:35 Scout Tower
67:35 Scout Tower
67:36 Scout Tower
67:36 Scout Tower
67:37 Scout Tower
67:38 Scout Tower
67:40 Guard Tower
67:42 Scout Tower
67:43 Scout Tower
67:43 Scout Tower
67:44 Scout Tower
67:44 Scout Tower
67:46 Guard Tower
67:46 Guard Tower
67:56 Scout Tower
67:56 Scout Tower
67:57 Scout Tower
67:58 Scout Tower
67:59 Scout Tower
68:10 Guard Tower
68:10 Guard Tower
68:11 Guard Tower
68:12 Guard Tower
68:13 Guard Tower
68:18 Scout Tower
68:19 Scout Tower
68:19 Scout Tower
68:20 Scout Tower
68:20 Scout Tower
68:28 Guard Tower
68:28 Guard Tower
68:28 Guard Tower
68:28 Guard Tower
68:30 Scout Tower
68:30 Scout Tower
68:31 Guard Tower
68:31 Guard Tower
68:33 Scout Tower
68:34 Scout Tower
68:36 Scout Tower
68:37 Scout Tower
68:37 Scout Tower
68:42 Guard Tower
68:43 Guard Tower
68:44 Scout Tower
68:44 Scout Tower
68:46 Scout Tower
68:46 Scout Tower
68:47 Scout Tower
68:51 Scout Tower
68:52 Scout Tower
68:52 Scout Tower
68:53 Scout Tower
68:54 Scout Tower
68:56 Guard Tower
68:56 Guard Tower
68:57 Guard Tower
68:58 Scout Tower
68:58 Scout Tower
68:59 Scout Tower
68:59 Scout Tower
69:00 Scout Tower
69:01 Guard Tower
69:02 Guard Tower
69:03 Guard Tower
69:04 Scout Tower
69:04 Scout Tower
69:05 Scout Tower
69:05 Scout Tower
69:13 Guard Tower
69:13 Guard Tower
69:17 Scout Tower
69:17 Scout Tower
69:18 Scout Tower
69:18 Scout Tower
69:19 Scout Tower
69:22 Guard Tower
69:22 Guard Tower
69:23 Scout Tower
69:23 Scout Tower
69:24 Scout Tower
69:25 Scout Tower
69:25 Scout Tower
69:28 Guard Tower
69:28 Guard Tower
69:28 Guard Tower
69:29 Scout Tower
69:30 Scout Tower
69:30 Scout Tower
69:41 Guard Tower
69:41 Guard Tower
69:46 Scout Tower
69:47 Scout Tower
69:47 Scout Tower
69:48 Scout Tower
69:49 Scout Tower
69:50 Scout Tower
69:50 Scout Tower
69:51 Scout Tower
69:52 Guard Tower
69:52 Guard Tower
69:52 Guard Tower
69:55 Guard Tower
69:55 Guard Tower
69:57 Scout Tower
69:57 Scout Tower
69:57 Scout Tower
69:58 Scout Tower
70:03 Guard Tower
70:03 Guard Tower
70:06 Scout Tower
70:06 Scout Tower
70:08 Scout Tower
70:08 Scout Tower
70:08 Scout Tower
70:09 Scout Tower
70:11 Guard Tower
70:12 Scout Tower
70:13 Scout Tower
70:13 Scout Tower
70:18 Guard Tower
70:18 Guard Tower
70:19 Scout Tower
70:20 Scout Tower
70:21 Scout Tower
70:21 Scout Tower
70:26 Guard Tower
70:27 Scout Tower
70:28 Scout Tower
70:28 Scout Tower
70:29 Scout Tower
70:49 Guard Tower
70:49 Guard Tower
70:49 Guard Tower
70:53 Guard Tower
70:53 Guard Tower
70:54 Scout Tower
70:55 Scout Tower
70:55 Scout Tower
70:56 Scout Tower
70:57 Scout Tower
70:57 Scout Tower
70:59 Guard Tower
70:59 Guard Tower
71:01 Scout Tower
71:02 Scout Tower
71:03 Scout Tower
71:03 Scout Tower
71:04 Scout Tower
71:04 Scout Tower
71:05 Scout Tower
71:14 Scout Tower
71:14 Scout Tower
71:15 Scout Tower
71:15 Scout Tower
71:16 Scout Tower
71:18 Guard Tower
71:19 Scout Tower
71:20 Scout Tower
71:20 Scout Tower
71:21 Scout Tower
71:24 Scout Tower
71:25 Scout Tower
71:25 Scout Tower
71:26 Scout Tower
71:27 Scout Tower
71:29 Guard Tower
71:32 Scout Tower
71:32 Scout Tower
71:33 Scout Tower
71:34 Scout Tower
71:35 Scout Tower
71:35 Scout Tower
71:47 Scout Tower
71:48 Scout Tower
71:54 Scout Tower
71:55 Scout Tower
71:55 Scout Tower
71:56 Scout Tower
71:57 Scout Tower
71:57 Scout Tower
71:59 Guard Tower
72:00 Guard Tower
72:01 Scout Tower
72:02 Scout Tower
72:02 Scout Tower
72:03 Scout Tower
72:03 Scout Tower
72:06 Scout Tower
72:06 Scout Tower
72:07 Scout Tower
72:13 Scout Tower
72:13 Scout Tower
72:14 Scout Tower
72:15 Scout Tower
72:29 Guard Tower
72:29 Guard Tower
72:30 Guard Tower
72:30 Guard Tower
72:31 Guard Tower
72:33 Scout Tower
72:33 Scout Tower
72:34 Scout Tower
72:36 Guard Tower
72:37 Scout Tower
72:37 Scout Tower
72:38 Scout Tower
72:44 Scout Tower
72:44 Scout Tower
72:45 Scout Tower
72:46 Guard Tower
72:46 Guard Tower
73:00 Scout Tower
73:01 Scout Tower
73:02 Scout Tower
73:02 Scout Tower
73:09 Guard Tower
73:13 Lumber Mill
73:19 Guard Tower
73:21 Scout Tower
73:30 Scout Tower
73:31 Scout Tower
73:31 Scout Tower
73:32 Scout Tower
73:33 Guard Tower
73:33 Guard Tower
73:34 Guard Tower
73:34 Guard Tower
73:43 Scout Tower
73:44 Scout Tower
73:45 Scout Tower
73:48 Guard Tower
73:49 Scout Tower
73:49 Scout Tower
73:49 Scout Tower
73:54 Guard Tower
73:54 Guard Tower
74:03 Town Hall
74:17 Guard Tower
74:18 Scout Tower
74:18 Scout Tower
74:19 Scout Tower
74:19 Scout Tower
74:20 Scout Tower
74:21 Scout Tower
74:22 Guard Tower
74:23 Guard Tower
74:24 Scout Tower
74:25 Scout Tower
74:25 Scout Tower
74:26 Scout Tower
74:29 Scout Tower
74:29 Scout Tower
74:35 Guard Tower
74:35 Guard Tower
74:36 Scout Tower
74:37 Scout Tower
74:37 Scout Tower
74:38 Scout Tower
74:38 Scout Tower
74:40 Guard Tower
74:40 Guard Tower
74:41 Scout Tower
74:42 Scout Tower
74:42 Scout Tower
74:43 Scout Tower
74:43 Scout Tower
74:44 Scout Tower
74:44 Scout Tower
74:46 Guard Tower
74:46 Guard Tower
74:48 Scout Tower
74:49 Scout Tower
74:50 Scout Tower
74:59 Guard Tower
74:59 Guard Tower
75:02 Scout Tower
75:03 Scout Tower
75:04 Scout Tower
75:05 Scout Tower
75:06 Scout Tower
75:06 Scout Tower
75:07 Scout Tower
75:15 Scout Tower
75:16 Scout Tower
75:16 Scout Tower
75:17 Guard Tower
75:23 Scout Tower
75:23 Scout Tower
75:25 Scout Tower
75:25 Scout Tower
75:26 Guard Tower
75:26 Guard Tower
75:27 Guard Tower
75:31 Guard Tower
75:31 Guard Tower
75:34 Scout Tower
75:35 Scout Tower
75:35 Scout Tower
75:36 Scout Tower
75:36 Scout Tower
75:37 Scout Tower
75:37 Scout Tower
75:38 Scout Tower
75:38 Scout Tower
75:39 Scout Tower
75:40 Scout Tower
75:40 Scout Tower
75:44 Guard Tower
75:44 Guard Tower
75:48 Scout Tower
75:49 Scout Tower
75:49 Scout Tower
75:50 Scout Tower
75:52 Guard Tower
75:54 Scout Tower
75:55 Scout Tower
75:55 Scout Tower
75:56 Scout Tower
76:03 Guard Tower
76:03 Guard Tower
76:06 Guard Tower
76:06 Guard Tower
76:07 Guard Tower
76:08 Scout Tower
76:09 Scout Tower
76:09 Scout Tower
76:10 Scout Tower
76:10 Scout Tower
76:11 Scout Tower
76:12 Scout Tower
76:14 Guard Tower
76:14 Guard Tower
76:15 Guard Tower
76:17 Scout Tower
76:18 Scout Tower
76:18 Scout Tower
76:19 Scout Tower
76:19 Scout Tower
76:21 Guard Tower
76:22 Scout Tower
76:23 Scout Tower
76:23 Scout Tower
76:24 Scout Tower
76:25 Scout Tower
76:25 Scout Tower
76:26 Scout Tower
76:26 Scout Tower
76:30 Scout Tower
76:31 Scout Tower
76:32 Scout Tower
76:33 Scout Tower
76:34 Guard Tower
76:35 Guard Tower
76:36 Scout Tower
76:37 Scout Tower
76:37 Scout Tower
76:38 Scout Tower
76:40 Guard Tower
76:41 Guard Tower
76:41 Guard Tower
76:42 Scout Tower
76:42 Scout Tower
76:43 Scout Tower
76:43 Scout Tower
76:44 Scout Tower
76:45 Scout Tower
76:45 Scout Tower
76:51 Guard Tower
76:52 Guard Tower
76:58 Guard Tower
76:58 Guard Tower
77:01 Scout Tower
77:03 Scout Tower
77:03 Scout Tower
77:04 Scout Tower
77:04 Scout Tower
77:05 Scout Tower
77:05 Scout Tower
77:06 Scout Tower
77:07 Scout Tower
77:08 Guard Tower
77:08 Guard Tower
77:10 Guard Tower
77:11 Guard Tower
77:11 Guard Tower
77:26 Guard Tower
77:26 Guard Tower
77:29 Guard Tower
77:29 Guard Tower
77:30 Guard Tower
77:41 Scout Tower
77:42 Scout Tower
77:43 Scout Tower
77:45 Guard Tower
77:45 Guard Tower
77:48 Guard Tower
77:49 Guard Tower
77:50 Scout Tower
77:50 Scout Tower
77:51 Scout Tower
77:52 Scout Tower
77:55 Scout Tower
77:56 Scout Tower
77:56 Scout Tower
77:57 Scout Tower
77:57 Scout Tower
77:58 Scout Tower
77:59 Scout Tower
77:59 Scout Tower
78:02 Guard Tower
78:02 Guard Tower
78:03 Scout Tower
78:04 Scout Tower
78:04 Scout Tower
78:04 Scout Tower
78:05 Scout Tower
78:05 Scout Tower
78:07 Guard Tower
78:07 Guard Tower
78:09 Scout Tower
78:09 Scout Tower
78:09 Scout Tower
78:10 Scout Tower
78:15 Scout Tower
78:16 Scout Tower
78:16 Scout Tower
78:17 Scout Tower
78:44 Guard Tower
78:45 Guard Tower
78:48 Scout Tower
78:48 Scout Tower
78:49 Scout Tower
78:49 Scout Tower
78:50 Scout Tower
78:50 Scout Tower
78:51 Scout Tower
78:51 Scout Tower
78:52 Scout Tower
78:53 Scout Tower
78:54 Guard Tower
78:54 Guard Tower
78:54 Guard Tower
78:54 Guard Tower
78:57 Guard Tower
78:57 Guard Tower
79:02 Scout Tower
79:02 Scout Tower
79:04 Scout Tower
79:05 Scout Tower
79:06 Scout Tower
79:06 Scout Tower
79:11 Scout Tower
79:11 Scout Tower
79:12 Scout Tower
79:19 Guard Tower
79:20 Guard Tower
79:20 Guard Tower
79:20 Guard Tower
79:25 Scout Tower
79:26 Scout Tower
79:27 Scout Tower
79:27 Scout Tower
79:28 Scout Tower
79:28 Scout Tower
79:29 Scout Tower
79:29 Scout Tower
79:34 Guard Tower
79:34 Guard Tower
79:50 Scout Tower
80:10 Scout Tower
80:10 Scout Tower
80:12 Scout Tower
80:13 Scout Tower
80:13 Scout Tower
80:13 Scout Tower
80:14 Scout Tower
80:15 Guard Tower
80:15 Guard Tower
80:19 Scout Tower
80:20 Scout Tower
80:20 Scout Tower
80:21 Scout Tower
80:21 Scout Tower
80:22 Scout Tower
80:22 Scout Tower
80:23 Scout Tower
80:28 Scout Tower
80:29 Scout Tower
80:30 Scout Tower
80:30 Scout Tower
80:33 Scout Tower
80:34 Scout Tower
80:34 Scout Tower
80:35 Scout Tower
80:36 Scout Tower
80:37 Scout Tower
80:39 Scout Tower
80:40 Scout Tower
80:44 Guard Tower
80:44 Guard Tower
80:50 Guard Tower
80:51 Scout Tower
80:52 Scout Tower
80:52 Scout Tower
80:52 Scout Tower
80:57 Scout Tower
80:58 Scout Tower
80:58 Scout Tower
80:59 Scout Tower
81:00 Scout Tower
81:04 Scout Tower
81:05 Scout Tower
81:06 Scout Tower
81:06 Scout Tower
81:08 Guard Tower
81:09 Guard Tower
81:11 Scout Tower
81:12 Scout Tower
81:13 Scout Tower
81:14 Scout Tower
81:27 Scout Tower
81:28 Scout Tower
81:29 Scout Tower
81:29 Scout Tower
81:29 Scout Tower
81:30 Scout Tower
81:31 Scout Tower
81:31 Scout Tower
81:33 Scout Tower
81:33 Scout Tower
81:34 Scout Tower
81:34 Scout Tower
81:36 Guard Tower
81:36 Guard Tower
81:36 Guard Tower
81:37 Scout Tower
81:39 Scout Tower
81:40 Scout Tower
81:40 Scout Tower
81:41 Scout Tower
81:42 Scout Tower
81:43 Scout Tower
81:44 Guard Tower
81:44 Guard Tower
81:44 Guard Tower
81:44 Guard Tower
81:49 Scout Tower
81:50 Scout Tower
81:50 Scout Tower
81:52 Scout Tower
81:52 Scout Tower
81:54 Arcane Tower
82:01 Guard Tower
82:01 Guard Tower
82:01 Guard Tower
82:09 Scout Tower
82:10 Scout Tower
82:11 Scout Tower
82:11 Scout Tower
82:12 Scout Tower
82:13 Scout Tower
82:19 Guard Tower
82:20 Guard Tower
82:20 Guard Tower
82:22 Guard Tower
82:22 Guard Tower
82:24 Scout Tower
82:24 Scout Tower
82:25 Scout Tower
82:26 Scout Tower
82:27 Scout Tower
82:27 Scout Tower
82:28 Guard Tower
82:28 Guard Tower
82:29 Guard Tower
82:29 Guard Tower
82:31 Guard Tower
82:31 Guard Tower
82:40 Guard Tower
82:40 Guard Tower
82:40 Guard Tower
82:52 Scout Tower
82:52 Scout Tower
82:53 Scout Tower
82:55 Guard Tower
82:55 Guard Tower
83:01 Scout Tower
83:02 Scout Tower
83:02 Scout Tower
83:02 Scout Tower
83:05 Guard Tower
83:05 Guard Tower
83:07 Scout Tower
83:08 Scout Tower
83:08 Scout Tower
83:09 Scout Tower
83:12 Guard Tower
83:12 Guard Tower
83:17 Arcane Tower
83:20 Arcane Tower
83:21 Arcane Tower
83:22 Guard Tower
83:22 Guard Tower
83:23 Guard Tower
83:23 Guard Tower
83:34 Scout Tower
83:35 Scout Tower
83:35 Scout Tower
83:37 Guard Tower
83:52 Arcane Tower
83:54 Arcane Tower
83:54 Arcane Tower
83:59 Guard Tower
83:59 Guard Tower
84:01 Scout Tower
84:01 Scout Tower
84:02 Scout Tower
84:03 Scout Tower
84:03 Scout Tower
84:04 Scout Tower
84:14 Guard Tower
84:14 Guard Tower
84:14 Guard Tower
84:18 Scout Tower
84:19 Scout Tower
84:20 Scout Tower
84:21 Scout Tower
84:22 Scout Tower
84:22 Scout Tower
84:26 Scout Tower
84:26 Scout Tower
84:27 Scout Tower
84:28 Guard Tower
84:28 Scout Tower
84:29 Scout Tower
84:31 Scout Tower
84:31 Scout Tower
84:32 Scout Tower
84:33 Scout Tower
84:42 Guard Tower
84:42 Guard Tower
84:42 Guard Tower
84:42 Guard Tower
84:52 Scout Tower
84:52 Scout Tower
84:53 Scout Tower
84:54 Scout Tower
84:54 Scout Tower
84:55 Scout Tower
84:55 Scout Tower
84:56 Scout Tower
84:57 Scout Tower
84:57 Scout Tower
85:00 Guard Tower
85:01 Guard Tower
85:01 Guard Tower
85:11 Guard Tower
85:11 Guard Tower
85:12 Scout Tower
85:12 Scout Tower
85:13 Scout Tower
85:13 Scout Tower
85:14 Scout Tower
85:16 Scout Tower
85:17 Scout Tower
85:18 Scout Tower
85:18 Scout Tower
85:21 Guard Tower
85:21 Guard Tower
85:24 Scout Tower
85:25 Scout Tower
85:26 Scout Tower
85:26 Scout Tower
85:27 Scout Tower
85:28 Scout Tower
85:28 Scout Tower
85:29 Guard Tower
85:30 Guard Tower
85:38 Guard Tower
85:43 Scout Tower
85:44 Scout Tower
85:44 Scout Tower
85:45 Scout Tower
85:46 Scout Tower
85:46 Scout Tower
85:47 Scout Tower
85:48 Scout Tower
85:48 Scout Tower
85:49 Scout Tower
85:49 Scout Tower
85:57 Guard Tower
85:57 Guard Tower
85:58 Scout Tower
85:59 Scout Tower
85:59 Scout Tower
86:00 Scout Tower
86:00 Scout Tower
86:01 Scout Tower
86:05 Guard Tower
86:06 Guard Tower
86:08 Scout Tower
86:08 Scout Tower
86:09 Scout Tower
86:10 Scout Tower
86:10 Guard Tower
86:11 Guard Tower
86:13 Scout Tower
86:14 Scout Tower
86:15 Scout Tower
86:16 Scout Tower
86:18 Guard Tower
86:19 Scout Tower
86:25 Guard Tower
86:26 Guard Tower
86:27 Guard Tower
86:27 Guard Tower
86:29 Guard Tower
86:29 Guard Tower
86:36 Guard Tower
86:36 Guard Tower
86:37 Guard Tower
86:37 Guard Tower
86:54 Guard Tower
86:58 Guard Tower
86:58 Guard Tower
87:03 Scout Tower
87:03 Scout Tower
87:04 Scout Tower
87:05 Scout Tower
87:21 Guard Tower
87:21 Guard Tower
87:22 Scout Tower
87:22 Scout Tower
87:23 Scout Tower
87:24 Scout Tower
87:25 Scout Tower
87:35 Scout Tower
87:36 Scout Tower
87:36 Scout Tower
87:37 Scout Tower
87:37 Scout Tower
87:38 Scout Tower
87:38 Scout Tower
87:39 Guard Tower
87:40 Guard Tower
87:40 Guard Tower
87:41 Guard Tower
87:41 Guard Tower
87:45 Guard Tower
87:46 Guard Tower
87:46 Guard Tower
87:55 Guard Tower
87:55 Guard Tower
87:56 Guard Tower
87:59 Guard Tower
88:00 Guard Tower
88:02 Scout Tower
88:03 Scout Tower
88:04 Scout Tower
88:04 Scout Tower
88:05 Scout Tower
88:06 Scout Tower
88:08 Guard Tower
88:09 Guard Tower
88:11 Scout Tower
88:12 Scout Tower
88:13 Scout Tower
88:13 Scout Tower
88:14 Scout Tower
88:18 Guard Tower
88:19 Guard Tower
88:20 Scout Tower
88:20 Scout Tower
88:21 Scout Tower
88:22 Scout Tower
88:22 Scout Tower
88:23 Scout Tower
88:31 Guard Tower
88:32 Scout Tower
88:32 Scout Tower
88:34 Scout Tower
88:35 Scout Tower
88:37 Scout Tower
88:37 Scout Tower
88:38 Scout Tower
88:38 Scout Tower
88:39 Scout Tower
88:42 Scout Tower
88:43 Scout Tower
88:43 Scout Tower
88:44 Scout Tower
88:44 Scout Tower
88:45 Scout Tower
88:46 Guard Tower
88:51 Guard Tower
88:52 Guard Tower
88:53 Scout Tower
88:53 Scout Tower
88:54 Scout Tower
88:54 Scout Tower
88:55 Scout Tower
88:59 Scout Tower
88:59 Scout Tower
88:59 Scout Tower
89:00 Scout Tower
89:01 Guard Tower
89:02 Guard Tower
89:02 Guard Tower
89:04 Guard Tower
89:04 Guard Tower
89:05 Guard Tower
89:06 Scout Tower
89:07 Scout Tower
89:07 Scout Tower
89:18 Guard Tower
89:18 Guard Tower
89:21 Scout Tower
89:21 Scout Tower
89:22 Scout Tower
89:25 Guard Tower
89:25 Guard Tower
89:26 Scout Tower
89:27 Scout Tower
89:27 Scout Tower
89:36 Scout Tower
89:37 Scout Tower
89:37 Scout Tower
89:41 Scout Tower
89:41 Scout Tower
89:43 Guard Tower
89:43 Guard Tower
89:48 Scout Tower
89:48 Scout Tower
89:49 Scout Tower
89:49 Scout Tower
89:50 Scout Tower
89:51 Scout Tower
89:51 Scout Tower
89:58 Guard Tower
89:59 Guard Tower
89:59 Guard Tower
90:01 Scout Tower
90:01 Scout Tower
90:02 Scout Tower
90:04 Scout Tower
90:04 Scout Tower
90:05 Scout Tower
90:07 Guard Tower
90:07 Guard Tower
90:13 Guard Tower
90:13 Guard Tower
90:13 Guard Tower
90:14 Guard Tower
90:15 Guard Tower
90:16 Scout Tower
90:16 Scout Tower
90:17 Scout Tower
90:17 Scout Tower
90:19 Scout Tower
90:20 Scout Tower
90:28 Guard Tower
90:28 Guard Tower
90:28 Guard Tower
90:53 Guard Tower
90:53 Guard Tower
90:54 Guard Tower
90:54 Guard Tower
90:55 Guard Tower
90:55 Guard Tower
91:01 Guard Tower
91:01 Guard Tower
91:02 Guard Tower
91:02 Guard Tower
91:04 Guard Tower
91:04 Guard Tower
91:08 Scout Tower
91:08 Scout Tower
91:09 Scout Tower
91:09 Scout Tower
91:10 Scout Tower
91:11 Scout Tower
91:11 Scout Tower
91:12 Scout Tower
91:19 Guard Tower
91:19 Guard Tower
91:20 Scout Tower
91:21 Scout Tower
91:23 Scout Tower
91:24 Scout Tower
91:25 Scout Tower
91:27 Guard Tower
91:30 Scout Tower
91:31 Scout Tower
91:32 Scout Tower
91:50 Scout Tower
91:50 Scout Tower
91:51 Scout Tower
91:51 Scout Tower
91:52 Scout Tower
91:54 Guard Tower
91:56 Scout Tower
91:56 Scout Tower
91:57 Scout Tower
92:08 Guard Tower
92:08 Guard Tower
92:09 Guard Tower
92:10 Scout Tower
92:11 Scout Tower
92:11 Scout Tower
92:12 Scout Tower
92:12 Scout Tower
92:16 Guard Tower
92:17 Guard Tower
92:18 Scout Tower
92:18 Scout Tower
92:19 Scout Tower
92:19 Scout Tower
92:20 Scout Tower
92:24 Scout Tower
92:36 Guard Tower
92:40 Guard Tower
92:43 Scout Tower
92:44 Scout Tower
92:44 Scout Tower
92:45 Scout Tower
92:46 Scout Tower
92:46 Scout Tower
92:50 Scout Tower
92:51 Scout Tower
92:51 Scout Tower
92:52 Scout Tower
92:53 Scout Tower
92:53 Scout Tower
92:55 Guard Tower
92:56 Guard Tower
93:01 Scout Tower
93:02 Scout Tower
93:02 Scout Tower
93:03 Scout Tower
93:03 Scout Tower
93:04 Scout Tower
93:05 Scout Tower
93:06 Guard Tower
93:08 Scout Tower
93:08 Scout Tower
93:10 Scout Tower
93:10 Scout Tower
93:11 Scout Tower
93:12 Scout Tower
93:24 Scout Tower
93:25 Scout Tower
93:26 Scout Tower
93:26 Scout Tower
93:27 Scout Tower
93:27 Scout Tower
93:27 Scout Tower
93:28 Scout Tower
93:28 Scout Tower
93:29 Scout Tower
93:31 Scout Tower
93:32 Scout Tower
93:32 Scout Tower
93:33 Scout Tower
93:35 Scout Tower
93:40 Scout Tower
93:41 Scout Tower
93:42 Scout Tower
93:42 Scout Tower
93:43 Scout Tower
93:43 Scout Tower
93:44 Scout Tower
93:44 Scout Tower
93:45 Guard Tower
93:45 Guard Tower
93:52 Scout Tower
93:53 Scout Tower
93:53 Scout Tower
93:54 Scout Tower
93:54 Scout Tower
93:55 Scout Tower
94:00 Scout Tower
94:01 Scout Tower
94:01 Scout Tower
94:02 Scout Tower
94:03 Scout Tower
94:04 Scout Tower
94:04 Scout Tower
94:04 Scout Tower
94:05 Scout Tower
94:06 Scout Tower
94:06 Scout Tower
94:08 Guard Tower
94:08 Guard Tower
94:09 Scout Tower
94:10 Scout Tower
94:11 Scout Tower
94:11 Scout Tower
94:12 Scout Tower
94:12 Scout Tower
94:14 Guard Tower
94:15 Guard Tower
94:20 Scout Tower
94:20 Scout Tower
94:21 Scout Tower
94:22 Scout Tower
94:27 Guard Tower
94:27 Guard Tower
94:30 Scout Tower
94:31 Scout Tower
94:31 Scout Tower
94:31 Scout Tower
94:32 Scout Tower
94:38 Scout Tower
94:42 Guard Tower
94:42 Guard Tower
94:45 Scout Tower
94:46 Scout Tower
94:46 Scout Tower
94:48 Scout Tower
94:48 Scout Tower
94:50 Scout Tower
94:50 Scout Tower
94:53 Guard Tower
94:54 Guard Tower
94:54 Guard Tower
94:54 Scout Tower
94:55 Scout Tower
94:55 Scout Tower
94:56 Scout Tower
95:00 Scout Tower
95:00 Scout Tower
95:02 Guard Tower
95:02 Guard Tower
95:03 Scout Tower
95:04 Scout Tower
95:04 Scout Tower
95:05 Scout Tower
95:05 Scout Tower
95:06 Scout Tower
95:07 Guard Tower
95:07 Guard Tower
95:08 Guard Tower
95:17 Scout Tower
95:19 Scout Tower
95:19 Scout Tower
95:20 Scout Tower
95:22 Guard Tower
95:22 Scout Tower
95:23 Scout Tower
95:24 Scout Tower
95:24 Scout Tower
95:29 Guard Tower
95:30 Guard Tower
95:30 Guard Tower
95:34 Scout Tower
95:35 Scout Tower
95:36 Scout Tower
95:36 Scout Tower
95:37 Scout Tower
95:38 Scout Tower
95:38 Scout Tower
96:02 Guard Tower
96:02 Guard Tower
96:02 Guard Tower
96:08 Guard Tower
96:15 Guard Tower
96:15 Guard Tower
96:16 Scout Tower
96:17 Scout Tower
96:17 Scout Tower
96:38 Guard Tower
96:38 Guard Tower
96:42 Scout Tower
96:43 Scout Tower
96:44 Scout Tower
96:44 Scout Tower
96:52 Guard Tower
96:52 Guard Tower
96:54 Scout Tower
96:54 Scout Tower
96:55 Scout Tower
96:55 Scout Tower
96:56 Scout Tower
96:57 Scout Tower
96:57 Scout Tower
97:06 Guard Tower
97:06 Guard Tower
97:07 Scout Tower
97:07 Scout Tower
97:08 Scout Tower
97:08 Scout Tower
97:09 Scout Tower
97:10 Scout Tower
97:14 Guard Tower
97:14 Guard Tower
97:14 Guard Tower
97:16 Scout Tower
97:17 Scout Tower
97:17 Scout Tower
97:18 Scout Tower
97:18 Scout Tower
97:19 Scout Tower
97:20 Guard Tower
97:20 Guard Tower
97:20 Guard Tower
97:30 Guard Tower
97:30 Guard Tower
97:35 Guard Tower
97:35 Guard Tower
97:38 Guard Tower
97:39 Guard Tower
97:39 Guard Tower
97:39 Guard Tower
97:43 Scout Tower
97:44 Scout Tower
97:44 Scout Tower
97:45 Scout Tower
97:46 Scout Tower
97:47 Scout Tower
97:54 Guard Tower
97:54 Guard Tower
98:03 Guard Tower
98:03 Guard Tower
98:03 Guard Tower
98:05 Guard Tower
98:05 Guard Tower
98:06 Scout Tower
98:07 Scout Tower
98:07 Scout Tower
98:08 Scout Tower
98:08 Scout Tower
98:09 Scout Tower
98:10 Scout Tower
98:13 Guard Tower
98:13 Guard Tower
98:14 Scout Tower
98:15 Scout Tower
98:15 Scout Tower
98:16 Scout Tower
98:17 Scout Tower
98:18 Guard Tower
98:18 Guard Tower
98:18 Guard Tower
98:21 Guard Tower
98:21 Guard Tower
98:41 Guard Tower
98:41 Guard Tower
98:50 Guard Tower
98:51 Guard Tower
98:56 Scout Tower
98:57 Scout Tower
98:58 Scout Tower
98:58 Scout Tower
99:04 Guard Tower
99:04 Guard Tower
99:05 Scout Tower
99:06 Scout Tower
99:07 Scout Tower
99:08 Scout Tower
99:09 Scout Tower
99:10 Guard Tower
99:10 Guard Tower
99:10 Guard Tower
99:10 Guard Tower
99:14 Guard Tower
99:15 Scout Tower
99:16 Scout Tower
99:16 Scout Tower
99:17 Scout Tower
99:18 Scout Tower
99:29 Scout Tower
99:30 Scout Tower
99:30 Scout Tower
99:31 Scout Tower
99:32 Scout Tower
99:32 Scout Tower
99:39 Guard Tower
99:40 Guard Tower
99:42 Scout Tower
99:43 Scout Tower
99:44 Scout Tower
99:44 Scout Tower
99:45 Scout Tower
99:46 Scout Tower
99:48 Guard Tower
99:57 Scout Tower
99:58 Scout Tower
99:59 Scout Tower
99:59 Scout Tower
100:15 Guard Tower
100:15 Guard Tower
100:16 Guard Tower
100:16 Guard Tower
100:16 Guard Tower
100:17 Guard Tower
100:20 Guard Tower
100:20 Guard Tower
100:22 Scout Tower
100:22 Scout Tower
100:23 Scout Tower
100:24 Scout Tower
100:25 Scout Tower
100:26 Scout Tower
100:26 Scout Tower
100:27 Scout Tower
100:30 Guard Tower
100:30 Guard Tower
100:32 Scout Tower
100:33 Scout Tower
100:34 Scout Tower
100:34 Scout Tower
100:35 Scout Tower
100:40 Guard Tower
100:41 Guard Tower
100:42 Scout Tower
100:43 Scout Tower
100:43 Scout Tower
100:44 Scout Tower
100:44 Scout Tower
100:46 Guard Tower
100:46 Guard Tower
100:48 Scout Tower
100:49 Scout Tower
100:50 Scout Tower
100:50 Scout Tower
100:51 Scout Tower
100:51 Scout Tower
100:59 Scout Tower
100:59 Scout Tower
101:00 Scout Tower
101:01 Scout Tower
101:02 Scout Tower
101:03 Scout Tower
101:03 Scout Tower
101:04 Scout Tower
101:09 Scout Tower
101:10 Scout Tower
101:11 Scout Tower
101:11 Scout Tower
101:13 Scout Tower
101:14 Scout Tower
101:14 Scout Tower
101:15 Scout Tower
101:15 Scout Tower
101:17 Scout Tower
101:18 Scout Tower
101:18 Scout Tower
101:20 Scout Tower
101:20 Scout Tower
101:21 Scout Tower
101:22 Scout Tower
101:29 Scout Tower
101:30 Scout Tower
101:31 Scout Tower
101:31 Scout Tower
101:33 Scout Tower
101:35 Scout Tower
101:35 Scout Tower
101:37 Scout Tower
101:42 Scout Tower
101:42 Scout Tower
101:43 Scout Tower
101:44 Scout Tower
101:44 Scout Tower
101:45 Scout Tower
101:46 Scout Tower
101:46 Scout Tower
101:48 Guard Tower
101:49 Guard Tower
101:50 Scout Tower
101:51 Scout Tower
101:52 Scout Tower
101:53 Scout Tower
101:53 Scout Tower
101:54 Scout Tower
101:56 Scout Tower
101:56 Scout Tower
101:58 Guard Tower
101:59 Guard Tower
101:59 Guard Tower
102:02 Scout Tower
102:03 Scout Tower
102:04 Scout Tower
102:05 Scout Tower
102:07 Scout Tower
102:07 Scout Tower
102:08 Scout Tower
102:08 Scout Tower
102:09 Scout Tower
102:10 Guard Tower
102:10 Guard Tower
102:11 Guard Tower
102:13 Scout Tower
102:14 Scout Tower
102:15 Scout Tower
102:15 Scout Tower
102:16 Scout Tower
102:16 Scout Tower
102:16 Scout Tower
102:17 Scout Tower
102:17 Scout Tower
102:21 Scout Tower
102:22 Scout Tower
102:23 Scout Tower
102:23 Scout Tower
102:24 Scout Tower
102:24 Scout Tower
102:25 Scout Tower
102:25 Scout Tower
102:27 Guard Tower
102:27 Guard Tower
102:28 Guard Tower
102:29 Guard Tower
102:56 Scout Tower
102:57 Scout Tower
102:58 Scout Tower
102:58 Scout Tower
102:58 Scout Tower
102:59 Scout Tower
102:59 Scout Tower
103:00 Scout Tower
103:01 Scout Tower
103:03 Guard Tower
103:03 Guard Tower
103:06 Guard Tower
103:06 Guard Tower
103:11 Scout Tower
103:12 Scout Tower
103:12 Scout Tower
103:13 Scout Tower
103:13 Scout Tower
103:14 Scout Tower
103:14 Scout Tower
103:27 Guard Tower
103:27 Guard Tower
103:40 Guard Tower
103:41 Guard Tower
103:42 Guard Tower
103:42 Guard Tower
103:43 Guard Tower
103:45 Scout Tower
103:45 Scout Tower
103:46 Scout Tower
103:47 Scout Tower
103:48 Scout Tower
103:48 Scout Tower
103:51 Guard Tower
103:52 Scout Tower
103:53 Scout Tower
103:53 Scout Tower
103:54 Scout Tower
103:55 Scout Tower
103:57 Guard Tower
103:58 Guard Tower
103:58 Guard Tower
104:01 Guard Tower
104:01 Guard Tower
104:04 Scout Tower
104:29 Scout Tower
104:30 Scout Tower
104:31 Scout Tower
104:32 Scout Tower
104:35 Scout Tower
104:36 Guard Tower
104:36 Guard Tower
104:36 Guard Tower
104:37 Guard Tower
105:03 Guard Tower
105:03 Guard Tower
105:06 Guard Tower
105:06 Guard Tower
105:06 Guard Tower
105:09 Scout Tower
105:09 Scout Tower
105:10 Scout Tower
105:11 Scout Tower
105:13 Scout Tower
105:13 Scout Tower
105:14 Scout Tower
105:16 Scout Tower
105:18 Guard Tower
105:18 Guard Tower
105:24 Scout Tower
105:24 Scout Tower
105:25 Scout Tower
105:26 Scout Tower
105:29 Guard Tower
105:30 Guard Tower
105:30 Guard Tower
105:31 Guard Tower
105:31 Scout Tower
105:32 Scout Tower
105:33 Scout Tower
105:33 Scout Tower
105:34 Scout Tower
105:34 Scout Tower
105:35 Scout Tower
105:37 Scout Tower
105:38 Scout Tower
105:38 Scout Tower
105:39 Scout Tower
105:41 Guard Tower
105:41 Guard Tower
106:05 Guard Tower
106:05 Guard Tower
106:06 Guard Tower
106:10 Guard Tower
106:11 Guard Tower
106:18 Scout Tower
106:19 Scout Tower
106:20 Scout Tower
106:20 Scout Tower
106:21 Scout Tower
106:21 Scout Tower
106:22 Scout Tower
106:23 Scout Tower
106:23 Scout Tower
106:24 Guard Tower
106:26 Guard Tower
106:27 Scout Tower
106:28 Scout Tower
106:28 Scout Tower
106:29 Scout Tower
106:30 Scout Tower
106:31 Scout Tower
106:31 Scout Tower
106:32 Scout Tower
106:41 Guard Tower
106:41 Guard Tower
106:41 Guard Tower
106:42 Guard Tower
106:47 Scout Tower
106:48 Scout Tower
106:49 Scout Tower
106:49 Scout Tower
106:54 Guard Tower
106:54 Guard Tower
106:55 Scout Tower
106:56 Scout Tower
106:56 Scout Tower
106:58 Scout Tower
106:58 Scout Tower
106:59 Scout Tower
107:01 Guard Tower
107:01 Guard Tower
107:02 Scout Tower
107:02 Scout Tower
107:06 Guard Tower
107:06 Guard Tower
107:07 Scout Tower
107:08 Scout Tower
107:10 Scout Tower
107:11 Scout Tower
107:12 Scout Tower
107:12 Scout Tower
107:13 Scout Tower
107:15 Guard Tower
107:15 Guard Tower
107:17 Scout Tower
107:17 Scout Tower
107:18 Scout Tower
107:19 Scout Tower
107:19 Scout Tower
107:20 Scout Tower
107:22 Guard Tower
107:22 Guard Tower
107:41 Guard Tower
107:42 Guard Tower
107:42 Guard Tower
107:42 Guard Tower
107:44 Scout Tower
107:45 Scout Tower
107:45 Scout Tower
107:45 Scout Tower
107:46 Scout Tower
107:46 Scout Tower
107:51 Scout Tower
107:52 Scout Tower
107:53 Scout Tower
107:53 Scout Tower
107:53 Scout Tower
107:54 Scout Tower
107:55 Guard Tower
107:55 Guard Tower
107:57 Guard Tower
107:58 Guard Tower
108:03 Scout Tower
108:04 Scout Tower
108:05 Scout Tower
108:05 Scout Tower
108:06 Scout Tower
108:06 Scout Tower
108:07 Scout Tower
108:07 Scout Tower
108:10 Scout Tower
108:11 Scout Tower
108:12 Scout Tower
108:13 Scout Tower
108:14 Scout Tower
108:15 Scout Tower
108:16 Guard Tower
108:16 Guard Tower
108:16 Guard Tower
108:16 Guard Tower
108:22 Guard Tower
108:22 Guard Tower
108:23 Scout Tower
108:24 Scout Tower
108:25 Scout Tower
108:25 Scout Tower
108:26 Scout Tower
108:30 Scout Tower
108:30 Scout Tower
108:30 Scout Tower
108:31 Scout Tower
108:31 Scout Tower
108:32 Scout Tower
108:35 Scout Tower
108:35 Scout Tower
108:35 Scout Tower
108:39 Scout Tower
108:40 Scout Tower
108:41 Scout Tower
109:04 Guard Tower
109:04 Guard Tower
109:11 Guard Tower
109:11 Guard Tower
109:12 Guard Tower
109:14 Guard Tower
109:14 Guard Tower
109:14 Guard Tower
109:18 Scout Tower
109:18 Scout Tower
109:19 Scout Tower
109:19 Scout Tower
109:20 Scout Tower
109:20 Scout Tower
109:20 Scout Tower
109:21 Scout Tower
109:22 Scout Tower
109:23 Scout Tower
109:48 Guard Tower
109:53 Scout Tower
109:54 Scout Tower
109:54 Scout Tower
109:56 Scout Tower
109:56 Scout Tower
110:03 Scout Tower
110:04 Scout Tower
110:05 Scout Tower
110:08 Guard Tower
110:08 Guard Tower
110:11 Scout Tower
110:12 Scout Tower
110:12 Scout Tower
110:13 Scout Tower
110:13 Scout Tower
110:14 Scout Tower
110:14 Scout Tower
110:15 Scout Tower
110:16 Scout Tower
110:16 Scout Tower
110:16 Scout Tower
110:18 Guard Tower
110:18 Guard Tower
110:19 Guard Tower
110:21 Scout Tower
110:21 Scout Tower
110:22 Scout Tower
110:22 Scout Tower
110:23 Scout Tower
110:23 Scout Tower
110:24 Scout Tower
110:24 Scout Tower
110:24 Scout Tower
110:27 Guard Tower
110:27 Guard Tower
110:28 Scout Tower
110:28 Scout Tower
110:28 Scout Tower
111:36 Guard Tower
111:36 Guard Tower
111:40 Guard Tower
111:40 Guard Tower
111:48 Guard Tower
111:49 Guard Tower
111:50 Scout Tower
111:51 Scout Tower
111:52 Scout Tower
111:53 Scout Tower
111:53 Scout Tower
111:54 Scout Tower
111:55 Scout Tower
111:55 Scout Tower
111:56 Scout Tower
111:56 Scout Tower
111:56 Scout Tower
111:57 Scout Tower
111:58 Scout Tower
111:59 Scout Tower
111:59 Scout Tower
112:01 Guard Tower
112:02 Scout Tower
112:03 Scout Tower
112:03 Scout Tower
112:03 Scout Tower
112:04 Scout Tower
112:04 Scout Tower
112:21 Guard Tower
112:22 Guard Tower
112:26 Scout Tower
112:27 Scout Tower
112:27 Scout Tower
112:28 Scout Tower
112:28 Scout Tower
112:29 Scout Tower
112:30 Guard Tower
112:30 Guard Tower
112:31 Guard Tower
112:37 Scout Tower
112:37 Scout Tower
112:38 Scout Tower
112:41 Guard Tower
112:41 Guard Tower
112:52 Scout Tower
112:52 Scout Tower
112:52 Scout Tower
112:53 Scout Tower
112:53 Scout Tower
112:54 Scout Tower
112:54 Scout Tower
112:55 Scout Tower
112:56 Guard Tower
112:56 Guard Tower
112:59 Guard Tower
113:00 Guard Tower
113:02 Scout Tower
113:03 Scout Tower
113:03 Scout Tower
113:03 Scout Tower
113:04 Scout Tower
113:04 Scout Tower
113:05 Scout Tower
113:05 Scout Tower
113:06 Scout Tower
113:06 Scout Tower
113:07 Scout Tower
113:07 Scout Tower
113:08 Scout Tower
113:10 Guard Tower
113:10 Guard Tower
113:13 Scout Tower
113:14 Scout Tower
113:14 Scout Tower
113:15 Scout Tower
113:16 Scout Tower
113:16 Scout Tower
113:18 Guard Tower
113:19 Guard Tower
113:19 Guard Tower
113:21 Scout Tower
113:21 Scout Tower
113:22 Scout Tower
113:22 Scout Tower
113:22 Scout Tower
113:23 Scout Tower
113:23 Scout Tower
113:24 Scout Tower
113:24 Scout Tower
113:25 Guard Tower
113:26 Guard Tower
113:26 Guard Tower
113:27 Scout Tower
113:27 Scout Tower
113:27 Scout Tower
113:28 Scout Tower
113:28 Scout Tower
113:30 Scout Tower
113:30 Scout Tower
113:38 Scout Tower
113:39 Scout Tower
113:40 Scout Tower
113:40 Scout Tower
113:45 Guard Tower
113:46 Guard Tower
113:46 Guard Tower
113:51 Scout Tower
113:51 Scout Tower
113:52 Scout Tower
113:52 Scout Tower
113:53 Scout Tower
113:54 Scout Tower
113:54 Scout Tower
113:54 Scout Tower
113:55 Scout Tower
113:56 Scout Tower
113:57 Guard Tower
114:00 Scout Tower
114:00 Scout Tower
114:00 Scout Tower
114:01 Scout Tower
114:02 Scout Tower
114:02 Scout Tower
114:03 Scout Tower
114:05 Scout Tower
114:05 Scout Tower
114:06 Scout Tower
114:06 Scout Tower
114:07 Scout Tower
114:07 Scout Tower
114:12 Guard Tower
114:13 Guard Tower
114:15 Scout Tower
114:15 Scout Tower
114:16 Scout Tower
114:16 Scout Tower
114:17 Scout Tower
114:25 Scout Tower
114:26 Scout Tower
114:27 Scout Tower
114:27 Scout Tower
114:28 Scout Tower
114:28 Scout Tower
114:29 Scout Tower
114:29 Scout Tower
114:31 Guard Tower
114:32 Guard Tower
114:32 Guard Tower
114:33 Scout Tower
114:34 Scout Tower
114:34 Scout Tower
114:34 Scout Tower
114:35 Scout Tower
114:35 Scout Tower
114:36 Scout Tower
114:36 Scout Tower
114:39 Guard Tower
114:39 Guard Tower
114:43 Scout Tower
114:43 Scout Tower
114:44 Scout Tower
114:45 Scout Tower
114:45 Scout Tower
114:57 Guard Tower
114:57 Guard Tower
114:58 Guard Tower
114:59 Guard Tower
114:59 Guard Tower
115:12 Guard Tower
115:12 Guard Tower
115:12 Guard Tower
115:16 Scout Tower
115:16 Scout Tower
115:17 Scout Tower
115:17 Scout Tower
115:18 Scout Tower
115:18 Scout Tower
115:19 Scout Tower
115:19 Scout Tower
115:20 Scout Tower
115:21 Scout Tower
115:21 Scout Tower
115:22 Scout Tower
115:23 Scout Tower
115:24 Scout Tower
115:24 Scout Tower
115:25 Scout Tower
115:27 Guard Tower
115:27 Guard Tower
115:27 Guard Tower
115:28 Guard Tower
115:28 Scout Tower
115:29 Scout Tower
115:29 Scout Tower
115:29 Scout Tower
115:31 Scout Tower
115:33 Guard Tower
115:33 Guard Tower
115:34 Scout Tower
115:35 Scout Tower
115:36 Scout Tower
115:49 Guard Tower
115:49 Guard Tower
115:49 Guard Tower
115:50 Guard Tower
115:51 Scout Tower
115:51 Scout Tower
115:52 Scout Tower
115:52 Scout Tower
115:53 Scout Tower
115:54 Scout Tower
115:55 Guard Tower
115:55 Guard Tower
115:57 Scout Tower
115:58 Scout Tower
115:59 Guard Tower
115:59 Guard Tower
115:59 Guard Tower
116:00 Guard Tower
116:02 Guard Tower
116:02 Guard Tower
116:16 Guard Tower
116:16 Guard Tower
116:16 Guard Tower
116:18 Scout Tower
116:19 Scout Tower
116:20 Scout Tower
116:20 Scout Tower
116:21 Scout Tower
116:22 Guard Tower
116:25 Scout Tower
116:26 Scout Tower
116:26 Scout Tower
116:27 Scout Tower
116:27 Scout Tower
116:29 Guard Tower
116:29 Guard Tower
116:30 Scout Tower
116:30 Scout Tower
116:30 Scout Tower
116:33 Scout Tower
116:33 Scout Tower
116:35 Scout Tower
116:36 Guard Tower
116:38 Scout Tower
116:38 Scout Tower
116:40 Scout Tower
116:43 Guard Tower
117:11 Guard Tower
117:12 Guard Tower
117:12 Guard Tower
117:13 Guard Tower
117:14 Guard Tower
117:14 Guard Tower
117:16 Scout Tower
117:17 Scout Tower
117:17 Scout Tower
117:18 Scout Tower
117:19 Scout Tower
117:19 Scout Tower
117:19 Scout Tower
117:21 Guard Tower
117:24 Scout Tower
117:24 Scout Tower
117:24 Scout Tower
117:25 Scout Tower
117:34 Guard Tower
117:36 Scout Tower
117:36 Scout Tower
117:37 Scout Tower
117:37 Scout Tower
118:09 Guard Tower
118:10 Guard Tower
118:10 Guard Tower
118:41 Guard Tower
118:41 Guard Tower
118:41 Guard Tower
118:46 Guard Tower
118:46 Guard Tower
118:46 Guard Tower
118:50 Scout Tower
118:51 Scout Tower
118:52 Scout Tower
118:52 Scout Tower
118:53 Scout Tower
118:54 Scout Tower
118:55 Scout Tower
118:56 Scout Tower
118:57 Scout Tower
118:57 Scout Tower
118:58 Scout Tower
119:05 Guard Tower
119:06 Guard Tower
119:14 Scout Tower
119:15 Scout Tower
119:16 Scout Tower
119:16 Scout Tower
119:17 Scout Tower
119:19 Scout Tower
119:19 Scout Tower
119:20 Scout Tower
119:20 Scout Tower
119:31 Scout Tower
119:31 Scout Tower
119:32 Scout Tower
119:33 Scout Tower
119:34 Scout Tower
119:36 Guard Tower
119:36 Scout Tower
119:37 Scout Tower
119:38 Scout Tower
119:38 Scout Tower
119:44 Scout Tower
119:45 Scout Tower
119:46 Scout Tower
119:48 Guard Tower
119:48 Guard Tower
119:48 Guard Tower
119:52 Scout Tower
119:53 Scout Tower
119:53 Scout Tower
119:54 Scout Tower
119:54 Scout Tower
119:55 Scout Tower
119:56 Scout Tower
119:56 Scout Tower
119:57 Scout Tower
119:58 Scout Tower
120:00 Guard Tower
120:00 Guard Tower
120:01 Scout Tower
120:01 Scout Tower
120:07 Guard Tower
120:07 Guard Tower
120:07 Guard Tower
120:09 Guard Tower
120:09 Guard Tower
120:36 Guard Tower
120:37 Guard Tower
120:38 Scout Tower
120:38 Scout Tower
120:39 Scout Tower
120:43 Guard Tower
120:44 Guard Tower
120:54 Guard Tower
120:54 Guard Tower
120:54 Guard Tower
121:08 Guard Tower
121:08 Guard Tower
121:10 Scout Tower
121:10 Scout Tower
121:10 Scout Tower
121:11 Scout Tower
121:21 Scout Tower
121:22 Scout Tower
121:24 Scout Tower
121:31 Guard Tower
121:31 Guard Tower
121:34 Scout Tower
121:35 Scout Tower
121:35 Scout Tower
121:36 Scout Tower
121:37 Scout Tower
121:37 Scout Tower
121:37 Scout Tower
121:38 Scout Tower
121:40 Guard Tower
121:40 Guard Tower
121:40 Scout Tower
121:41 Scout Tower
121:41 Scout Tower
121:42 Scout Tower
121:42 Scout Tower
121:43 Scout Tower
121:50 Scout Tower
121:51 Scout Tower
121:51 Scout Tower
121:52 Scout Tower
121:53 Scout Tower
121:53 Scout Tower
122:04 Guard Tower
122:12 Scout Tower
122:12 Scout Tower
122:13 Scout Tower
122:14 Guard Tower
122:14 Guard Tower
122:14 Guard Tower
122:15 Guard Tower
122:15 Scout Tower
122:16 Scout Tower
122:16 Scout Tower
122:17 Scout Tower
122:18 Scout Tower
122:19 Guard Tower
122:20 Guard Tower
122:23 Scout Tower
122:23 Scout Tower
122:24 Scout Tower
122:24 Scout Tower
122:26 Guard Tower
122:26 Guard Tower
122:28 Scout Tower
122:28 Scout Tower
122:29 Scout Tower
122:30 Scout Tower
122:31 Scout Tower
122:31 Scout Tower
122:32 Guard Tower
122:33 Guard Tower
122:34 Scout Tower
122:35 Scout Tower
122:35 Scout Tower
122:39 Scout Tower
122:40 Scout Tower
122:40 Scout Tower
122:44 Scout Tower
122:45 Scout Tower
122:45 Scout Tower
122:46 Scout Tower
122:47 Scout Tower
122:47 Scout Tower
122:50 Guard Tower
122:50 Guard Tower
122:51 Scout Tower
122:52 Scout Tower
122:52 Scout Tower
122:53 Scout Tower
123:04 Guard Tower
123:07 Scout Tower
123:08 Scout Tower
123:08 Scout Tower
123:09 Scout Tower
123:09 Scout Tower
123:09 Scout Tower
123:11 Guard Tower
123:11 Guard Tower
123:12 Scout Tower
123:13 Scout Tower
123:13 Scout Tower
123:14 Guard Tower
123:14 Guard Tower
123:15 Guard Tower
123:16 Scout Tower
123:17 Scout Tower
123:17 Scout Tower
123:18 Scout Tower
123:19 Guard Tower
123:20 Guard Tower
123:21 Scout Tower
123:21 Scout Tower
123:22 Scout Tower
123:25 Guard Tower
123:26 Scout Tower
123:47 Guard Tower
123:47 Guard Tower
123:47 Guard Tower
123:52 Scout Tower
123:53 Scout Tower
123:53 Scout Tower
123:53 Scout Tower
123:54 Scout Tower
123:55 Scout Tower
123:56 Guard Tower
123:56 Guard Tower
123:56 Guard Tower
123:57 Scout Tower
123:58 Scout Tower
123:58 Scout Tower
123:59 Scout Tower
123:59 Scout Tower
124:00 Scout Tower
124:01 Scout Tower
124:01 Scout Tower
124:03 Guard Tower
124:03 Guard Tower
124:06 Scout Tower
124:06 Scout Tower
124:07 Scout Tower
124:07 Scout Tower
124:08 Scout Tower
124:08 Scout Tower
124:09 Scout Tower
124:10 Scout Tower
124:10 Scout Tower
124:11 Scout Tower
124:11 Scout Tower
124:12 Scout Tower
124:12 Scout Tower
124:14 Guard Tower
124:16 Scout Tower
124:17 Scout Tower
124:17 Scout Tower
124:19 Scout Tower
124:20 Scout Tower
124:20 Scout Tower
124:21 Scout Tower
124:21 Scout Tower
124:22 Guard Tower
124:22 Guard Tower
124:22 Guard Tower
124:22 Guard Tower
124:35 Guard Tower
124:36 Guard Tower
124:36 Guard Tower
124:37 Scout Tower
124:38 Scout Tower
124:38 Scout Tower
124:39 Scout Tower
124:39 Scout Tower
124:40 Scout Tower
124:41 Scout Tower
124:41 Scout Tower
124:41 Scout Tower
124:42 Scout Tower
124:46 Guard Tower
124:46 Guard Tower
124:48 Guard Tower
124:48 Guard Tower
124:50 Scout Tower
124:51 Scout Tower
124:51 Scout Tower
124:52 Scout Tower
124:52 Scout Tower
124:53 Scout Tower
124:53 Scout Tower
124:53 Scout Tower
124:54 Scout Tower
124:55 Guard Tower
124:56 Scout Tower
124:57 Scout Tower
124:57 Scout Tower
124:58 Scout Tower
124:58 Scout Tower
124:59 Scout Tower
124:59 Scout Tower
125:00 Scout Tower
125:01 Scout Tower
125:01 Scout Tower
125:11 Farm
125:12 Farm
125:12 Farm
125:20 Guard Tower
125:20 Guard Tower
125:20 Guard Tower
125:24 Guard Tower
125:25 Guard Tower
125:28 Scout Tower
125:29 Scout Tower
125:30 Scout Tower
125:30 Scout Tower
125:31 Scout Tower
125:36 Farm
125:37 Farm
125:38 Farm
125:44 Guard Tower
125:44 Guard Tower
125:51 Scout Tower
125:51 Scout Tower
125:52 Scout Tower
125:52 Scout Tower
125:53 Scout Tower
125:56 Guard Tower
125:56 Guard Tower
125:59 Guard Tower
125:59 Guard Tower
126:13 Guard Tower
126:18 Guard Tower
126:30 Scout Tower
126:30 Scout Tower
126:30 Scout Tower
126:31 Scout Tower
126:31 Scout Tower
126:32 Scout Tower
126:34 Guard Tower
126:34 Guard Tower
126:35 Scout Tower
126:35 Scout Tower
126:36 Scout Tower
126:37 Scout Tower
126:37 Scout Tower
126:38 Scout Tower
126:45 Guard Tower
126:51 Guard Tower
127:07 Guard Tower
127:07 Guard Tower
127:08 Guard Tower
127:14 Scout Tower
127:15 Scout Tower
 
               
              
              
» 
sugartitteyz. (
teal | 100 APM | 12768 actions | 127:19)
              
 8 Shadow Hunter 
 3 Hex
 3 Healing Wave
 1 Big Bad Voodoo
 1 Serpent Ward
 7 Dark Ranger 
 3 Silence
 3 Life Drain
 1 Charm
 8 Pit Lord 
 3 Rain of Fire
 1 Cleaving Attack
 3 Howl of Terror
 1 Doom
 2 Blademaster 
 1 Critical Strike
 1 Wind Walk
 2 Tauren Chieftain 
 1 Endurance Aura
 1 Shockwave
 
                » actions 
                
                | Assign group hotkey | 39 |  | 
| Basic commands | 199 |  | 
| Build / train | 178 |  | 
| ESC pressed | 7 |  | 
| Enter build submenu | 133 |  | 
| Enter hero's abilities submenu | 27 |  | 
| Give item / drop item | 26 |  | 
| Right click | 6188 |  | 
| Select / deselect | 803 |  | 
| Select group hotkey | 4040 |  | 
| Use ability | 1127 |  | 
                12768 total
 » units 
                » upgrades
                
                | Spiked Barricades | 2 |  | 
| Reinforced Defenses | 1 |  | 
| Liquid Fire | 1 |  | 
| Ranged Weapons | 1 |  | 
| Armor | 1 |  | 
| Pillage | 1 |  | 
                7 total
 » buildings
                
                | Altar of Storms | 3 |  | 
| Orc Burrow | 13 |  | 
| War Mill | 3 |  | 
| Voodoo Lounge | 14 |  | 
| Watch Tower | 168 |  | 
| Great Hall | 1 |  | 
| Stronghold | 1 |  | 
| Beastiary | 4 |  | 
| Fortress | 1 |  | 
| Necropolis | 1 |  | 
| Altar of Darkness | 1 |  | 
| Halls of the Dead | 1 |  | 
| Black Citadel | 1 |  | 
| Tomb of Relics | 1 |  | 
                213 total
 » build order
                00:09 Altar of Storms
00:15 Orc Burrow
01:06 War Mill
01:37 Voodoo Lounge
03:06 Orc Burrow
03:45 Watch Tower
03:55 Watch Tower
05:06 Watch Tower
05:07 Watch Tower
05:13 Watch Tower
05:32 Watch Tower
05:41 Watch Tower
05:52 Watch Tower
07:19 Great Hall
08:09 Voodoo Lounge
09:12 Stronghold
11:03 Watch Tower
11:04 Watch Tower
11:04 Watch Tower
11:09 Watch Tower
11:10 Watch Tower
11:11 Watch Tower
11:13 Watch Tower
11:21 Watch Tower
11:23 Watch Tower
11:27 Watch Tower
11:28 Watch Tower
11:30 Watch Tower
11:59 Beastiary
12:06 Orc Burrow
15:05 Fortress
19:44 Voodoo Lounge
19:46 Voodoo Lounge
19:47 Voodoo Lounge
19:59 Voodoo Lounge
20:00 Voodoo Lounge
20:02 Voodoo Lounge
22:46 Voodoo Lounge
22:46 Voodoo Lounge
23:35 Watch Tower
23:36 Watch Tower
23:36 Watch Tower
23:37 Watch Tower
23:38 Watch Tower
23:39 Watch Tower
23:42 Watch Tower
23:43 Watch Tower
24:45 Watch Tower
24:47 Watch Tower
24:48 Watch Tower
24:51 Watch Tower
24:52 Watch Tower
24:53 Watch Tower
24:54 Watch Tower
24:55 Watch Tower
24:55 Watch Tower
24:56 Watch Tower
24:57 Watch Tower
26:03 Watch Tower
26:04 Watch Tower
26:05 Watch Tower
26:05 Watch Tower
26:07 Watch Tower
26:08 Watch Tower
27:07 Watch Tower
27:07 Watch Tower
27:09 Watch Tower
27:09 Watch Tower
27:10 Watch Tower
27:11 Watch Tower
27:12 Watch Tower
27:13 Watch Tower
27:13 Watch Tower
28:27 Watch Tower
28:28 Watch Tower
29:04 Beastiary
29:43 Watch Tower
29:43 Watch Tower
29:44 Watch Tower
29:45 Watch Tower
29:47 Watch Tower
31:49 Watch Tower
31:51 Watch Tower
32:36 Watch Tower
32:37 Watch Tower
32:38 Watch Tower
32:41 Watch Tower
32:42 Watch Tower
32:43 Watch Tower
32:58 Watch Tower
33:01 Watch Tower
33:03 Watch Tower
33:03 Watch Tower
34:51 Beastiary
35:24 Beastiary
35:49 Orc Burrow
35:50 Orc Burrow
35:51 Orc Burrow
35:55 Orc Burrow
35:56 Orc Burrow
36:13 Watch Tower
36:23 Watch Tower
38:20 Watch Tower
38:21 Watch Tower
40:33 Watch Tower
40:34 Watch Tower
40:36 Watch Tower
40:37 Watch Tower
40:39 Watch Tower
42:48 Watch Tower
42:49 Watch Tower
42:50 Watch Tower
42:50 Watch Tower
42:51 Watch Tower
42:52 Watch Tower
42:52 Watch Tower
42:54 Watch Tower
42:55 Watch Tower
44:41 Watch Tower
44:42 Watch Tower
44:43 Watch Tower
47:58 Watch Tower
48:05 Watch Tower
49:30 Watch Tower
49:33 Watch Tower
50:10 Watch Tower
50:11 Watch Tower
50:13 Watch Tower
50:59 War Mill
51:26 Watch Tower
51:27 Watch Tower
51:28 Watch Tower
51:28 Watch Tower
51:29 Watch Tower
51:30 Watch Tower
51:31 Watch Tower
53:34 Watch Tower
54:42 Watch Tower
54:44 Watch Tower
57:15 Watch Tower
57:16 Watch Tower
57:16 Watch Tower
58:49 Watch Tower
58:50 Watch Tower
58:51 Watch Tower
58:53 Watch Tower
58:54 Watch Tower
58:55 Watch Tower
58:56 Watch Tower
60:45 Voodoo Lounge
61:38 Watch Tower
61:39 Watch Tower
61:40 Watch Tower
61:42 Watch Tower
61:43 Watch Tower
61:43 Watch Tower
61:44 Watch Tower
61:45 Watch Tower
61:46 Watch Tower
61:46 Watch Tower
61:47 Watch Tower
62:27 Watch Tower
62:28 Watch Tower
62:29 Watch Tower
62:29 Watch Tower
62:30 Watch Tower
62:30 Watch Tower
63:17 Watch Tower
63:17 Watch Tower
63:18 Watch Tower
63:19 Watch Tower
63:20 Watch Tower
63:22 Watch Tower
63:24 Watch Tower
65:04 Voodoo Lounge
66:05 Watch Tower
66:05 Watch Tower
66:06 Watch Tower
66:07 Watch Tower
66:57 Watch Tower
67:00 Watch Tower
68:37 Voodoo Lounge
69:03 Altar of Storms
69:05 Orc Burrow
69:06 Orc Burrow
69:09 Orc Burrow
69:12 Altar of Storms
69:13 Orc Burrow
69:14 Orc Burrow
69:55 Watch Tower
69:56 Watch Tower
69:56 Watch Tower
69:57 Watch Tower
69:57 Watch Tower
69:58 Watch Tower
69:59 Watch Tower
70:00 Watch Tower
70:01 Watch Tower
70:01 Watch Tower
70:04 Watch Tower
70:05 Watch Tower
70:06 Watch Tower
70:06 Watch Tower
70:37 Watch Tower
70:40 Watch Tower
70:47 War Mill
72:53 Watch Tower
83:21 Voodoo Lounge
100:16 Necropolis
103:44 Altar of Darkness
107:41 Halls of the Dead
110:06 Black Citadel
111:33 Tomb of Relics
» items
                
                | Lesser Clarity Potion | 23 |  | 
| Healing Salve | 7 |  | 
| Scroll of Speed | 4 |  | 
| Potion of Healing | 3 |  | 
| Orb of Lightning | 3 |  | 
| Staff of Preservation | 3 |  | 
| The Lion Horn of Stormwind | 1 |  | 
| Alleria's Flute of Accuracy | 1 |  | 
| Inferno Stone | 3 |  | 
| Robe of the Magi +6 | 3 |  | 
| Runed Bracers | 3 |  | 
| Potion of Restoration | 1 |  | 
| Sobi Mask | 1 |  | 
| Potion of Mana | 1 |  | 
| Scroll of Town Portal | 1 |  | 
                58 total
  
                Chat log
          (00:54 / Allies) vraxx: dh dh rush skipt?
(00:59 / Allies) SKiPToTHiS: ill get warden
(01:36 / Allies) vraxx: keep it 2v2
(02:35 / Allies) SKiPToTHiS: warden
(02:45 / Allies) vraxx: take my archers
(02:45 / Allies) SKiPToTHiS: fuck hex
(02:46 / Allies) vraxx: ill come back
(03:05 / Allies) vraxx: oh shit
(03:14 / Allies) vraxx: i got archer
(05:21 / Allies) vraxx: when i get 6 glaives u wanna hit pink from behind?
(05:26 / Allies) SKiPToTHiS: k
(07:02 / Allies) vraxx: eating through trees
(10:22 / Allies) vraxx: wanna copy them with towers?
(10:29 / Allies) SKiPToTHiS: protectors?
(10:33 / Allies) vraxx: tea
(10:34 / Allies) vraxx: yea
(10:36 / Allies) SKiPToTHiS: na
(10:37 / Allies) SKiPToTHiS: waste
(13:28 / Allies) vraxx: lets go skipt
(13:31 / Allies) SKiPToTHiS: leave it
(13:33 / Allies) SKiPToTHiS: go through here
(14:34 / Allies) SKiPToTHiS: go around now
(15:23 / Allies) SKiPToTHiS: leave it for now
(16:16 / Allies) vraxx: cant let him tower that skit
(16:19 / Allies) SKiPToTHiS: k
(16:20 / Allies) vraxx: skipt
(16:21 / Allies) SKiPToTHiS: go back i
(16:26 / Allies) SKiPToTHiS: me firs
(16:38 / Allies) vraxx: i seen mass bats
(17:48 / Allies) vraxx: wait
(17:50 / Allies) vraxx: for my stuff
(20:30 / Allies) SKiPToTHiS: brt
(21:14 / All) vraxx: esup
(21:14 / All) vraxx: enig
(22:05 / Allies) SKiPToTHiS: what the hell they doin
(22:13 / Allies) vraxx: having fun :p
(23:37 / Allies) vraxx: we need to expand them
(25:07 / Allies) vraxx: u exp that one skipt
(25:48 / Allies) SKiPToTHiS: i dare him do that again
(26:47 / Allies) vraxx: fucking cannon tower
(26:48 / Allies) SKiPToTHiS: brt
(28:31 / Allies) SKiPToTHiS: i  dont see the point in towering up like they are lol
(29:13 / Allies) vraxx: chims
(30:59 / Allies) vraxx: we dont have batriders
(31:03 / Allies) vraxx: so they got us beat in air
(34:29 / Allies) vraxx: we dont have an orc or human to tower proper like them
(36:28 / Allies) SKiPToTHiS: lets move together 
(36:33 / All) vraxx: why you guys play like this
(36:37 / Allies) vraxx: exp that
(36:47 / All) FriendlyJeezy: http://tinyurl.com/5sgnsf
(36:50 / Allies) SKiPToTHiS: they must play hunter druid 2v2
(36:54 / All) FriendlyJeezy: ~*~FIGHT WITH HONOR~*~
(37:13 / All) vraxx: ur lucky we dont have an orc or human
(37:36 / Allies) Bladest0rm: skipt move ur units back
(37:42 / Allies) Bladest0rm: just take in siege
(39:38 / All) vraxx: why you do this?
(41:54 / All) vraxx: please just leave
(41:56 / All) vraxx: this aint right
(42:03 / All) Mata.: manner up
(42:11 / All) Bladest0rm: please
(45:26 / Allies) vraxx: wanna just leave?
(45:33 / Allies) SKiPToTHiS: we got this
(45:40 / Allies) SKiPToTHiS: lets group somewhere
(45:59 / Allies) vraxx: take em out at the source
(47:03 / Allies) SKiPToTHiS: this map sucks lol
(48:59 / Allies) SKiPToTHiS: get the shadow hunter
(49:36 / Allies) vraxx: the air
(52:25 / Allies) SKiPToTHiS: got tranq
(52:29 / Allies) vraxx: wanna go in?
(52:32 / Allies) Bladest0rm: go in
(52:49 / Allies) vraxx: b
(52:49 / Allies) vraxx: b
(52:50 / Allies) vraxx: b
(53:11 / Allies) vraxx: wait for tranq
(53:56 / Allies) vraxx: look at them
(54:02 / Allies) SKiPToTHiS: lol
(54:05 / Allies) SKiPToTHiS: nooberts
(54:09 / Allies) SKiPToTHiS: watch when i get starfall
(54:32 / Allies) vraxx: they movin in on us
(54:42 / Allies) SKiPToTHiS: u guys have tp?
(54:48 / Allies) vraxx: i dont
(54:54 / Allies) SKiPToTHiS: take 1 of mine
(58:32 / Allies) Bladest0rm: skipt back ur units up plz
(58:34 / Allies) Bladest0rm: keep heros in
(58:54 / Allies) Bladest0rm: lol
(58:56 / All) vraxx: i dont care if i have to maphack to win
(59:08 / All) sugartitteyz.: what is there to maphack
(59:09 / All) vraxx: took you long enough to get sentry
(59:11 / All) sugartitteyz.: we are making a shit ton of towers
(59:18 / All) Mata.: was busy building towers
(59:19 / All) vraxx: watch your chims
(59:44 / All) Mata.: think of my base like a giant tower onion
(60:35 / Allies) vraxx: i got 6
(60:42 / Allies) vraxx: 6 dh
(67:18 / Allies) vraxx: this is fucking stupid lol
(68:51 / Allies) vraxx: almost got starfall
(70:25 / Allies) vraxx: we better not give them all level 10s xD
(70:36 / Allies) vraxx: they moving to our base skipt
(71:08 / All) Mata.: isnt this game sweet
(71:10 / All) Mata.: the futility of it all
(75:18 / Allies) SKiPToTHiS: these bitches have no life
(75:28 / Allies) vraxx: chims
(75:29 / Allies) vraxx: on the move
(76:30 / Allies) SKiPToTHiS: gimmelumber
(76:56 / Allies) SKiPToTHiS: glaives fuckin em up
(78:22 / All) sugartitteyz.: please
(78:24 / All) sugartitteyz.: stop
(78:24 / All) vraxx: ya right
(78:25 / All) Bladest0rm: fuck u
(78:26 / All) SKiPToTHiS: na nigga u got a billion towers
(78:26 / All) sugartitteyz.: just need 1 sec
(78:26 / All) FriendlyJeezy: manner up
(78:29 / All) sugartitteyz.: pizza guy
(78:30 / All) vraxx: u guys have manners and stop wasting our time
(78:30 / All) sugartitteyz.: hold on
(78:32 / All) sugartitteyz.: pizzastop it
(78:35 / All) Mata.: yo i'm high and just buildin towers
(78:36 / All) FriendlyJeezy: you lose this game awhile ago
(78:37 / All) Mata.: is sweet
(81:36 / Allies) SKiPToTHiS: just give all your peeps tps and we wont lose lol
(88:05 / All) vraxx: u guys need a life
(88:13 / All) sugartitteyz.: warcraft..........is my life.
(88:16 / All) Mata.: how you doin
(90:41 / Allies) SKiPToTHiS: wisps
(90:53 / Allies) vraxx: thanks, my hero died :\
(90:56 / Allies) vraxx: b
(90:59 / Allies) SKiPToTHiS: yo fualt nigga
(91:30 / Allies) vraxx: they movin in
(93:56 / Allies) SKiPToTHiS: fucklin hex
(94:09 / Allies) SKiPToTHiS: gimme some money bandage
(94:36 / Allies) SKiPToTHiS: lemme get gold
(94:46 / Allies) vraxx: i got ya
(95:24 / Allies) vraxx: they moving up
(96:05 / All) vraxx: you guys done this before?
(96:23 / All) FriendlyJeezy: manner up
(96:39 / All) SKiPToTHiS: hands up D's down
(99:32 / Allies) vraxx: get gold bitchs
(99:44 / Allies) vraxx: and make sure there aint towers
(101:03 / Allies) vraxx: skipt
(101:03 / Allies) vraxx: watch
(102:37 / Allies) vraxx: killed alot
(103:34 / Allies) vraxx: and they dont have any units so they keep no upkeep
(103:50 / Allies) SKiPToTHiS: they suck dick for gold
(103:52 / Allies) vraxx: skipt u can have my aa
(104:20 / Allies) SKiPToTHiS: just use my cooldowns whenever
(105:44 / All) vraxx: how much gold yall got?
(105:49 / All) sugartitteyz.: 40k\
(105:51 / All) sugartitteyz.: and coutning
(106:00 / All) SKiPToTHiS: nigga goto college and get a real gameplan
(106:04 / All) SKiPToTHiS: with all that gold
(106:19 / All) sugartitteyz.: heres my game plan: make you sit in a game for 10 hours and then you lose.
(107:19 / Allies) SKiPToTHiS: wtf
(107:21 / Allies) vraxx: shit
(107:25 / All) Bladest0rm: lol
(108:01 / Allies) vraxx: i got no aa
(108:34 / Allies) Bladest0rm: cant let shit die and not rebuild guys
(108:57 / Allies) SKiPToTHiS: get thier gold mines
(109:04 / Allies) SKiPToTHiS: the mid
(110:45 / Allies) SKiPToTHiS: i need gold
(110:52 / All) sugartitteyz.: you really think you got more patience than us
(111:21 / All) vraxx: we'll see i guess
(113:08 / Allies) SKiPToTHiS: help me hit mid
(113:14 / Allies) vraxx: wait
(113:16 / Allies) vraxx: he has mass bats
(114:12 / Allies) SKiPToTHiS: we gotta destroy mid then we got this
(114:19 / Allies) SKiPToTHiS: they're protecting it like crazy
(114:22 / Allies) SKiPToTHiS: hit from both sides
(114:22 / Allies) vraxx: they know that thats why
(114:22 / Allies) vraxx: ye
(114:25 / Allies) SKiPToTHiS: so they can't micro
(114:34 / Allies) vraxx: have to take out all that before they can hit from there
(116:36 / Allies) vraxx: that all we have left almost?
(118:28 / Allies) vraxx: shit
(118:34 / Allies) SKiPToTHiS: hjelp
(118:53 / Allies) SKiPToTHiS: need gold
(119:01 / Allies) SKiPToTHiS: hit here
(120:31 / Allies) SKiPToTHiS: i need gold
(120:32 / All) vraxx: this feels like a custom game
(120:39 / Allies) SKiPToTHiS: hit there man
(120:42 / All) Mata.: feels pretty AT
(120:44 / Allies) SKiPToTHiS: i need help
(120:49 / Allies) vraxx: they making way into our base
(120:59 / Allies) SKiPToTHiS: it doesn't matter we need to get thier mid
(122:43 / Allies) SKiPToTHiS: help man
(123:20 / Allies) vraxx: thats shit
(123:24 / Allies) vraxx: he uses his level6 on one of my chims
(123:26 / Allies) vraxx: and it dies
(123:28 / Allies) vraxx: i lasts till it dies
(123:36 / Allies) vraxx: even if i sit it infront of a moonwell
(125:13 / Allies) SKiPToTHiS: u guys gotta hit with us
(125:22 / Allies) SKiPToTHiS: destroying those towers wont matter
(126:29 / Allies) vraxx: its ove